 Dungeon Crawl Stone Soup version 0.31-a0-88-g38777b0aa0 (console) character file.

Game seed: 16957066258849366434

45163 Lightli the Sneak (level 5, -2/28 HPs)
             Began as a Vine Stalker Enchanter on May 24, 2023.
             Slain by an Orb Guardian (12 damage)
             ... on level 13 of the Dungeon.
             The game lasted 00:27:28 (26833 turns).

Lightli the Sneak (Vine Stalker Enchanter)         Turns: 26833, Time: 00:27:29

Health: -2/28      AC: 23    Str: 15    XL:     5   Next: 44%
Magic:  0/18       EV: 11    Int: 15    God:
Gold:   2242       SH:  0    Dex: 16    Spells: 8/8 levels left

rFire   + . .        P - +8 lance {slay drac, rPois rF+ rC+ AC+3}
rCold   + + .        (no shield)
rNeg    . . .        h - quicksilver dragon scales
rPois   +            f - +2 helmet of Filth {MP+9}
rElec   .            g - +2 cloak of Youthful Indiscretion {*Corrode Fly Str+4 Stlth+}
rCorr   .            (no gloves)
SInv    .            c - +0 pair of boots
Will    +....        A - amulet of the acrobat
Stlth   +            n - +4 ring of protection
HPRegen 1.04/turn    m - ring of protection from cold
MPRegen 0.16/turn

%: corrode self (3%), acrobat, guardian spirit
@: about to teleport, flying, studying 3 skills
A: fangs 2, regeneration 1, magic shield, antimagic bite, no potion heal 2
0: Orb of Zot
}: 3/15 runes: barnacled, slimy, gossamer
a: no special abilities


You were on level 13 of the Dungeon.
You visited 7 branches of the dungeon, and saw 42 of its levels.
You visited 1 bazaar.
You also visited: Sewer, Bailey, Gauntlet, Ice Cave and Volcano.

You collected 2882 gold pieces.
You spent 640 gold pieces at shops.

Inventory:

Hand Weapons
 a - a +2 hand crossbow of flaming
 P - the +8 lance "Wyrmbane" (weapon) {slay drac, rPois rF+ rC+ AC+3}
   (You found it on level 5 of the Pits of Slime)

   AC:        It affects your AC (+3).
   rF:        It protects you from fire.
   rC:        It protects you from cold.
   rPois:     It protects you from poison.
Missiles
 F - 3 curare-tipped darts (quivered)
 X - 3 throwing nets
Armour
 c - a +0 pair of boots (worn)
 f - the +2 helmet of Filth (worn) {MP+9}
   (You acquired it in a bailey)

   MP:        It affects your magic capacity (+9).
 g - the +2 cloak of Youthful Indiscretion (worn) {*Corrode Fly Str+4 Stlth+}
   (You found it in a Gauntlet)

   Str:       It affects your strength (+4).
   Fly:       It grants you flight.
   *Corrode:  It may corrode you when you take damage.
   Stlth:     It makes you more stealthy.
 h - quicksilver dragon scales (worn)
Magical Staves
 b - a staff of air
Jewellery
 e - a +6 ring of dexterity
 m - a ring of protection from cold (right hand)
 n - a +4 ring of protection (left hand)
 u - a +6 ring of strength
 w - a +6 ring of intelligence
 A - an amulet of the acrobat (around neck)
 U - a ring of protection from fire
Wands
 D - a wand of light (23)
 E - a wand of charming (32)
 H - a wand of flame (52)
 I - a wand of mindburst (3)
 N - a wand of digging (6)
 R - a wand of polymorph (10)
Scrolls
 d - 3 scrolls of amnesia {unknown}
 k - a scroll of silence
 q - 8 scrolls of fog
 v - 3 scrolls of blinking
 y - 4 scrolls of brand weapon {unknown}
 z - 2 scrolls of poison {unknown}
 C - 8 scrolls of vulnerability {unknown}
 G - 7 scrolls of immolation {unknown}
 J - 3 scrolls of enchant armour
 L - 11 scrolls of identify
 Q - 3 scrolls of fear {unknown}
 S - 7 scrolls of enchant weapon {unknown}
 Z - 3 scrolls of butterflies
Potions
 i - 5 potions of resistance
 l - 8 potions of brilliance
 o - 6 potions of enlightenment
 r - 8 potions of curing
 s - 4 potions of might {unknown}
 t - 5 potions of berserk rage
 B - 9 potions of heal wounds {unknown}
 K - 5 potions of mutation {unknown}
 M - 2 potions of invisibility
 O - 4 potions of magic
 T - 13 potions of degeneration
 V - 13 potions of ambrosia
 Y - a potion of attraction


   Skills:
 + Level 3.4 Fighting
 - Level 0.8 Short Blades
 - Level 1.5 Dodging
 - Level 5.4 Stealth
 - Level 2.1 Spellcasting
 - Level 3.0 Hexes


You had 8 spell levels left.
You didn't know any spells.
Your spell library contained the following spells:

 Spells                   Type           Power      Damage    Failure   Level
 Ensorcelled Hibernation  Hex/Ice        10%        N/A       36%         2
 Confusing Touch          Hex            10%        N/A       36%         3
 Tukima's Dance           Hex            10%        N/A       36%         3
 Apportation              Tloc           2%         N/A       41%         1
 Magic Dart               Conj           4%         1d3       41%         1
 Necrotise                Necr           4%         1d4       41%         1
 Sandblast                Erth           2%         2d4       41%         1
 Summon Small Mammal      Summ           4%         N/A       41%         1
 Searing Ray              Conj           2%         2d4       54%         2
 Cigotuvi's Dreadful Rot  Necr/Pois/Air  0%         N/A       58%         2
 Dazzling Flash           Conj/Hex       10%        N/A       61%         3
 Summon Guardian Golem    Hex/Summ       5%         N/A       61%         3
 Call Canine Familiar     Summ           1%         N/A       78%         3
 Gell's Gravitas          Tloc           1%         N/A       78%         3
 Ozocubu's Armour         Ice            1%         N/A       78%         3
 Teleport Other           Tloc           1%         N/A       78%         3
 Vampiric Draining        Necr           1%         2d6       78%         3
 Spider Form              Tmut/Pois      0%         N/A       82%         3
 Vhi's Electric Charge    Tloc/Air       0%         N/A       82%         3
 Fulminant Prism          Conj/Hex       2%         3d5       95%         4
 Leda's Liquefaction      Hex/Erth       2%         N/A       95%         4
 Dispel Undead            Necr           1%         3d6       99%         4
 Summon Lightning Spire   Summ/Air       0%         N/A       99%         4
 Agony                    Necr           1%         N/A       100%        5
 Arcjolt                  Conj/Air       0%         1d10      100%        5
 Borgnjor's Vile Clutch   Necr/Erth      0%         N/A       100%        5
 Lee's Rapid Deconstruct  Erth           0%         3d4*      100%        5
 Metabolic Englaciation   Hex/Ice        2%         N/A       100%        5
 Death Channel            Necr           0%         N/A       100%        6
 Dispersal                Tloc           0%         N/A       100%        6
 Leda's Unmaking          Conj/Erth      0%         9d1       100%        6
 Plasma Beam              Fire/Air       0%         2x1d11    100%        6
 Simulacrum               Ice/Necr       0%         N/A       100%        6
 Statue Form              Tmut/Erth      0%         N/A       100%        6
 Ozocubu's Refrigeration  Ice            0%         4d7       100%        7
 Chain Lightning          Conj/Air       0%         N/A       100%        9
 Dragon's Call            Summ           0%         N/A       100%        9
 Fire Storm               Conj/Fire      0%         5d1       100%        9
 Polar Vortex             Ice            0%         N/A       100%        9
 Shatter                  Erth           0%         3d5*      100%        9


Dungeon Overview and Level Annotations

Branches:
Dungeon (15/15)              Lair (5/5) D:8          Shoals (4/4) Lair:2
 Spider (4/4) Lair:2        Slime (5/5) Lair:4       Vaults (0/5) D:14
 Depths (4/4) D:15            Zot (5/5) Depths:4      Sewer (visited)
 Bailey (visited)           IceCv (visited)         Volcano (visited)
Gauntlet (visited)
 Temple: D:4-7          Orc: D:9-12

Altars:
Cheibriados
Ru
Trog
Vehumet
Zin

Shops:
D:2 *   D:4 :   Depths:4 (*?

Portals:
Hell: Depths:1 Depths:4


Innate Abilities, Weirdness & Mutations

You have extremely sharp teeth.
Your natural rate of healing is unusually fast.
When hurt, damage is shared between your health and your magic reserves.
Your bite disrupts and absorbs the magic of your enemies.
Potions cannot restore your health.


Message History

Aiming: Dig
Press: ? - help, Shift-Dir - straight line This square is covered in magical glow.
The rock shatters into small pieces.
Found a stone staircase leading up.
Found 20 gold pieces.
There is a stone staircase leading up here.
You fly upwards.
There is a stone staircase leading down here.
As you read the scroll of teleportation, it crumbles to dust.
You feel strangely unstable.
You feel the Orb delaying your translocation!
You start waiting.
Your surroundings suddenly seem different.
Found an escape hatch in the ceiling.
Found a stone staircase leading down.
There is an escape hatch in the ceiling here.
A mysterious force pulls you upwards. The hatch slams shut behind you.
As you read the scroll of teleportation, it crumbles to dust.
You feel strangely unstable.
You feel the Orb delaying your translocation!
You start waiting.
Your surroundings suddenly seem different.
Okay, then.
Okay, then.
Unknown command.
Found a shortbow.
An Orb Guardian comes into view.
Okay, then.
As you read the scroll of fog, it crumbles to dust.
The scroll dissolves into smoke.
Okay, then.
As you read the scroll of teleportation, it crumbles to dust.
You feel strangely unstable.
You feel the Orb delaying your translocation!
The Orb Guardian hits you!!
Ouch! That really hurt!
Okay, then.
Magic courses through your body. The Orb Guardian hits you!!
You die...

###.# .~≈≈≈ #.#
.~≈~~ #.# ..... #.#
####. #.# #. #.# ..
#.# ## #X# #@# #.#
#.# #.####.#
#......#
#############.######
..............#
#........#
#.#.........#


You could see an Orb Guardian.

Vanquished Creatures
  A wolf (Lair:1)
  A killer bee (D:8)
  An iguana (D:6)
  A worm (D:6)
  3 goblins
  2 hobgoblins
  4 kobolds (Bailey)
13 creatures vanquished.

Vanquished Creatures (others)
  the Royal Jelly (Slime:5)
  Dissolution (Slime:3)
  2 dread liches (Zot:5)
  8 orbs of fire
  Mara (Spider:4)
  A juggernaut (Depths:3)
  4 Killer Klowns (Zot:5)
  Parghit (Depths:4)
  A caustic shrike (Depths:2)
  2 curse toes
  8 golden dragons
  the Enchantress (Depths:1)
  5 electric golems
  Rupert (Lair:5)
  Mlioglotl (Shoals:1)
  12 tentacled monstrosities
  25 Orb Guardians (Zot:5)
  Jorgrun (D:15)
  7 quicksilver dragons
  19 acid blobs
  A titan (Depths:1)
  2 liches
  4 death cobs
  A kraken (Shoals:4)
  A tentacled starspawn (Lair:5)
  9 shadow dragons
  Donald (Shoals:2)
  Kirke (Lair:4)
  15 rockslimes
  9 draconian monks
  10 storm dragons
  9 fire giants
  6 azure jellies
  5 draconian scorchers
  8 draconian knights
  9 emperor scorpions
  Louise (D:15)
  5 frost giants
  An orc warlord (Bailey)
  3 balrugs (Zot:1)
  9 draconian shifters
  A reaper (Depths:2)
  9 draconian annihilators
  An angel (Depths:4)
  5 draconian stormcallers
  9 ghost moths
  5 spriggan defenders
  6 quicksilver oozes
  16 very ugly things
  10 stone giants
  13 black draconians
  14 green draconians
  Nessos (D:15)
  A deep elf annihilator (Zot:1)
  A deep elf demonologist (Depths:3)
  10 purple draconians
  A yellow draconian (shapeshifter) (Zot:1)
  13 yellow draconians
  A red draconian (shapeshifter) (Zot:1)
  A minotaur (Gauntlet)
  12 white draconians
  A white draconian (shapeshifter) (Zot:1)
  5 spark wasps
  5 red draconians
  A formless jellyfish (Slime:5)
  20 ettins
  6 fire dragons
  7 merfolk impalers
  A crystal guardian (Zot:1)
  3 merfolk javelineers (Shoals:4)
  A yaktaur captain (Depths:4)
  6 entropy weavers
  Josephine (Lair:5)
  The ghost of blade888 the Cleaver, a journeyman MiFi of Gozag (D:10)
  8 great orbs of eyes
  5 rakshasas
  7 ice dragons
  A salamander tyrant (Depths:3)
  8 hydras
  2 catoblepae
  Fannar (D:11)
  7 merfolk avatars
  An anaconda (Lair:5)
  The ghost of Jugyrem the Black Belt, a journeyman DsCA of Wu Jian (D:15)
  A jorogumo (Spider:3)
  3 alligator snapping turtles
  3 spriggan air magi
  4 centaur warriors
  3 ogre magi
  2 radroaches
  14 two-headed ogres
  4 boulder beetles
  2 dancing weapons (D:14)
  A death scarab (Gauntlet)
  8 merfolk aquamancers
  15 death yaks
  7 deep troll shamans
  The ghost of Zigma the Grappler, a novice DrMo of Yredelemnul (D:10)
  A satyr (Shoals:4)
  6 deep troll earth magi
  A vampire mage (Depths:2)
  Urug (Lair:5)
  A hell hog (Depths:1)
  8 tengu warriors
  6 spriggan berserkers
  3 hell knights (Depths:1)
  Sonja (Lair:1)
  4 sun demons
  5 soul eaters
  9 iron trolls
  4 skeletal warriors
  6 skysharks
  A salamander mystic (Depths:3)
  5 pharaoh ants
  11 orb spiders
  2 sixfirhies
  An orange crystal statue (Zot:5)
  2 glowing orange brains
  15 sea snakes
  A spectral hydra (Gauntlet)
  10 deep trolls
  A deep elf pyromancer (D:14)
  A necromancer (Depths:2)
  3 lindwurms (Volcano)
  25 harpies
  5 orc knights
  A sphinx zombie (Depths:2)
  An oklob plant (Lair:2)
  19 manticores
  3 steelbarb worms
  28 ugly things
  3 fauns (Shoals:3)
  17 wolf spiders
  5 shining eyes
  2 salamanders (Depths:3)
  14 elephants
  2 stone giant zombies (Depths:3)
  6 cyclopes
  8 merfolk sirens
  31 moths of wrath
  3 black mambas
  6 smoke demons
  A fire giant skeleton (Depths:2)
  7 water nymphs
  9 demonic crawlers
  A gargoyle (D:10)
  5 guardian serpents
  5 eyes of devastation
  Maurice (D:8)
  12 cane toads
  Psyche (D:10)
  7 torpor snails
  A hellion (Gauntlet)
  2 kobold demonologists
  2 efreet
  2 freezing wraiths (D:14)
  5 rime drakes
  A tengu conjurer (Depths:1)
  An unseen horror (D:12)
  9 komodo dragons
  A wolf spider simulacrum (Gauntlet)
  5 harpy zombies (Zot:1)
  26 merfolk
  6 meliai
  3 trolls
  7 wind drakes
  3 polar bears
  15 tarantellas
  A hellwing (Depths:2)
  5 raiju (Zot:1)
  13 blink frogs
  4 hornets
  A queen bee (Spider:4)
  7 dream sheep
  108 slime creatures
  14 snapping turtles
  29 jumping spiders
  6 spriggans
  21 culicivoras
  5 centaur simulacra (Gauntlet)
  A stone giant simulacrum (Depths:2)
  A vampire (D:10)
  12 water elementals
  8 wraiths
  4 wyverns
  5 basilisks
  A human (Lair:5)
  57 yaks
  Grum (D:10)
  7 hogs (Lair:4)
  6 steam dragons
  3 fire elementals (D:14)
  6 golden eyes
  A chaos spawn (Depths:2)
  52 redbacks
  8 vampire mosquitoes
  A warg (D:10)
  A human zombie (Depths:2)
  20 water moccasins
  3 acid dragons
  4 hell hounds
  2 floating eyes
  2 ice beasts (D:8)
  16 orc warriors
  2 sky beasts
  An ice dragon simulacrum (Gauntlet)
  3 black bears
  6 boggarts (Zot:1)
  2 ogres
  4 centaurs
  26 wolves
  2 phantoms
  5 kobold brigands
  12 bullfrogs
  A wyvern zombie (D:8)
  A scorpion (D:5)
  A gnoll sergeant (D:8)
  2 cyclops zombies (Depths:3)
  11 wights
  An elephant simulacrum (IceCv)
  36 killer bees
  An electric eel (D:13)
  3 howler monkeys
  A centaur zombie (D:8)
  3 lava snakes (D:14)
  A wyvern simulacrum (Gauntlet)
  6 hounds
  5 orc priests
  5 iguanas
  22 orc wizards
  3 killer bee zombies (D:8)
  A boggart simulacrum (Gauntlet)
  Robin (D:2)
  7 gnolls
  13 river rats
  13 adders
  3 ufetubi (Gauntlet)
  2 worms
  A dart slug (D:3)
  54 orcs
  2 bats
  4 endoplasms
  4 giant cockroaches
  10 hobgoblins
  4 jackals (D:1)
  22 kobolds
  12 quokkas
  17 ball pythons
  6 frilled lizards
  15 goblins
  39 rats
  A butterfly (Zot:1)
  A fire vortex (D:14)
1769 creatures vanquished.

Grand Total: 1782 creatures vanquished

Notes
Turn   | Place    | Note
-------+----------+-------------------------------------------
     0 | D:1      | Lightli the Vine Stalker Enchanter began the quest for the
                  | Orb.
     0 | D:1      | Reached XP level 1. HP: 9/9 MP: 4/4
   307 | D:2      | Noticed Robin
   324 | D:1      | Reached skill level 4 in Stealth
   560 | D:2      | Killed Robin
   673 | D:2      | Found Mapio's General Store.
  1319 | D:4      | Killed a bullfrog
  1319 | D:4      | Killed an iguana
  1319 | D:4      | Killed a hound
  1319 | D:4      | Killed an iguana
  1435 | D:4      | Found Siekk's Tiny Tomes.
  1471 | D:4      | Found a snail-covered altar of Cheibriados.
  1580 | D:5      | Entered Level 5 of the Dungeon
  1580 | D:5      | Noticed a hound
  1784 | D:5      | Killed a phantom
  1784 | D:5      | Killed an iguana
  1784 | D:5      | Killed a scorpion
  1784 | D:5      | Killed an ogre
  1784 | D:5      | Killed a hound
  1784 | D:5      | Killed a hound
  1784 | D:5      | Killed a hound
  1784 | D:5      | Killed a water moccasin
  1792 | D:6      | Noticed an orc warrior
  1872 | D:6      | Noticed a water moccasin
  1946 | D:6      | Killed a water moccasin
  1946 | D:6      | Killed a hound
  1949 | D:6      | Killed a hound
  1949 | D:6      | Killed a bullfrog
  1970 | D:6      | Killed a howler monkey
  2008 | D:6      | Noticed an iguana
  2013 | D:6      | Killed an orc wizard
  2013 | D:6      | Killed a phantom
  2015 | D:6      | Killed an iguana
  2018 | D:6      | Killed an iguana
  2019 | D:6      | Reached skill level 5 in Stealth
  2019 | D:6      | Reached XP level 2. HP: 8/13 MP: 6/6
  2019 | D:6      | Reached XP level 3. HP: 10/16 MP: 7/7
  2019 | D:6      | Killed a sky beast
  2019 | D:6      | Killed an orc warrior
  2158 | D:6      | Found a glowing drain.
  2162 | Sewer    | Entered a sewer
  2318 | Sewer    | Killed a bullfrog
  2320 | Sewer    | Killed a bullfrog
  2704 | D:7      | Noticed a kobold brigand
  3276 | D:7      | Killed a two-headed ogre
  3276 | D:7      | Killed a kobold brigand
  3276 | D:7      | Killed a black bear
  3276 | D:7      | Killed a bullfrog
  3276 | D:7      | Killed a wight
  3276 | D:7      | Killed a wight
  3276 | D:7      | Killed a wight
  3276 | D:7      | Killed a wight
  3276 | D:7      | Killed a wight
  3276 | D:7      | Killed a sky beast
  3324 | D:8      | Noticed a wight
  3628 | D:8      | Killed a wight
  3628 | D:8      | Killed a wight
  3628 | D:8      | Killed a wight
  3628 | D:8      | Killed a wight
  3628 | D:8      | Killed Maurice
  3628 | D:8      | Killed a water moccasin
  3628 | D:8      | Killed a kobold brigand
  3628 | D:8      | Killed an ice beast
  3628 | D:8      | Killed an ice beast
  3628 | D:8      | Killed a kobold brigand
  3628 | D:8      | Killed a steam dragon
  3628 | D:8      | Killed a bullfrog
  3628 | D:8      | Killed a gnoll sergeant
  3628 | D:8      | Killed an orc warrior
  3628 | D:8      | Killed an acid dragon
  3704 | D:8      | Found a staircase to the Lair.
  3713 | Lair:1   | Entered Level 1 of the Lair of Beasts
  3713 | Lair:1   | Noticed Sonja
  3713 | Lair:1   | Noticed a wolf
  4017 | Lair:1   | Killed a komodo dragon
  4017 | Lair:1   | Killed Sonja
  4017 | Lair:1   | Killed a cane toad
  4017 | Lair:1   | Killed a water moccasin
  4017 | Lair:1   | Killed a yak
  4017 | Lair:1   | Killed a yak
  4017 | Lair:1   | Killed a yak
  4017 | Lair:1   | Killed a yak
  4017 | Lair:1   | Killed a yak
  4017 | Lair:1   | Killed a yak
  4017 | Lair:1   | Killed a blink frog
  4017 | Lair:1   | Killed a blink frog
  4017 | Lair:1   | Killed a blink frog
  4017 | Lair:1   | Killed a blink frog
  4017 | Lair:1   | Killed a blink frog
  4017 | Lair:1   | Killed a wolf
  4017 | Lair:1   | Killed a wolf
  4017 | Lair:1   | Killed a wolf
  4017 | Lair:1   | Killed a wolf
  4017 | Lair:1   | Killed a bullfrog
  4017 | Lair:1   | Killed a bullfrog
  4017 | Lair:1   | Killed a wolf
  4017 | Lair:1   | Killed a wolf
  4017 | Lair:1   | Killed a wolf
  4017 | Lair:1   | Killed a wolf
  4017 | Lair:1   | Killed a wolf
  4017 | Lair:1   | Killed a bullfrog
  4017 | Lair:1   | Killed a water moccasin
  4017 | Lair:1   | Killed a cane toad
  4017 | Lair:1   | Killed a cane toad
  4280 | Lair:2   | Noticed a wolf
  4280 | Lair:2   | Noticed a wolf
  4280 | Lair:2   | Noticed a wolf
  4280 | Lair:2   | Noticed a wolf
  4290 | Lair:1   | Killed a wolf
  4291 | Lair:1   | Gained mutation: Your natural rate of healing is unusually
                  | fast. [Vine Stalker growth]
  4291 | Lair:1   | Reached XP level 4. HP: 14/23 MP: 8/8
  4291 | Lair:1   | Reached XP level 5. HP: 17/28 MP: 9/9
  4394 | Lair:1   | Killed a wolf
  4411 | Lair:1   | Found a dark tunnel.
  4416 | Volcano  | Entered a volcano
  4575 | Volcano  | Killed a hell hound
  4575 | Volcano  | Killed a hell hound
  4576 | Volcano  | Killed a hell hound
  4636 | Volcano  | Killed a lindwurm
  4637 | Volcano  | Killed a steam dragon
  4639 | Volcano  | Killed a smoke demon
  4639 | Volcano  | Killed a smoke demon
  4639 | Volcano  | Killed a lindwurm
  4639 | Volcano  | Killed a fire dragon
  4639 | Volcano  | Killed a steam dragon
  4640 | Volcano  | Killed a steam dragon
  4644 | Volcano  | Killed a steam dragon
  4644 | Volcano  | Killed a lindwurm
  4645 | Volcano  | Killed a steam dragon
  5530 | Lair:2   | Killed a snapping turtle
  5530 | Lair:2   | Killed a wolf
  5530 | Lair:2   | Killed a wolf
  5530 | Lair:2   | Killed a wolf
  5530 | Lair:2   | Killed a wolf
  5530 | Lair:2   | Killed a wolf
  5530 | Lair:2   | Killed a wolf
  5530 | Lair:2   | Killed a wolf spider
  5530 | Lair:2   | Killed a wolf spider
  5530 | Lair:2   | Killed a death yak
  5530 | Lair:2   | Killed a death yak
  5530 | Lair:2   | Killed a death yak
  5530 | Lair:2   | Killed a death yak
  5530 | Lair:2   | Killed a death yak
  5530 | Lair:2   | Killed a death yak
  5530 | Lair:2   | Killed a wolf
  5530 | Lair:2   | Killed a wolf
  5530 | Lair:2   | Killed a yak
  5530 | Lair:2   | Killed a yak
  5530 | Lair:2   | Killed a yak
  5530 | Lair:2   | Killed a yak
  5530 | Lair:2   | Killed a water moccasin
  5530 | Lair:2   | Killed a water moccasin
  5530 | Lair:2   | Killed an oklob plant
  5530 | Lair:2   | Killed a yak
  5530 | Lair:2   | Killed a yak
  5530 | Lair:2   | Killed a yak
  5530 | Lair:2   | Killed a water moccasin
  5530 | Lair:2   | Killed a hydra
  5530 | Lair:2   | Killed a water moccasin
  5530 | Lair:2   | Killed an elephant
  5530 | Lair:2   | Killed an elephant
  5530 | Lair:2   | Killed an elephant
  5530 | Lair:2   | Killed an elephant
  5530 | Lair:2   | Killed an elephant
  5530 | Lair:2   | Killed an elephant
  5530 | Lair:2   | Killed a komodo dragon
  5647 | Lair:2   | Found a hole to the Spider Nest.
  5666 | Spider:1 | Entered Level 1 of the Spider Nest
  5666 | Spider:1 | Noticed a jumping spider
  5666 | Spider:1 | Noticed an orb spider
  5667 | Spider:1 | Noticed a culicivora
  5786 | Lair:2   | Found a sacrificial altar of Ru.
  5882 | Lair:2   | Found a staircase to the Shoals.
  6220 | Lair:3   | Noticed a cane toad
  6485 | Spider:1 | Killed a ghost moth
  6485 | Spider:1 | Killed a torpor snail
  6485 | Spider:1 | Killed a moth of wrath
  6485 | Spider:1 | Killed an entropy weaver
  6485 | Spider:1 | Killed a culicivora
  6485 | Spider:1 | Killed a jumping spider
  6485 | Spider:1 | Killed a torpor snail
  6485 | Spider:1 | Killed a tarantella
  6485 | Spider:1 | Killed a jumping spider
  6485 | Spider:1 | Killed a redback
  6485 | Spider:1 | Killed a redback
  6485 | Spider:1 | Killed a redback
  6485 | Spider:1 | Killed a tarantella
  6485 | Spider:1 | Killed a pharaoh ant
  6485 | Spider:1 | Killed a culicivora
  6485 | Spider:1 | Killed a demonic crawler
  6485 | Spider:1 | Killed a redback
  6485 | Spider:1 | Killed a redback
  6485 | Spider:1 | Killed a ghost moth
  6485 | Spider:1 | Killed a redback
  6485 | Spider:1 | Killed a culicivora
  6485 | Spider:1 | Killed a moth of wrath
  6485 | Spider:1 | Killed a jumping spider
  6485 | Spider:1 | Killed a moth of wrath
  6485 | Spider:1 | Killed a wolf spider
  6485 | Spider:1 | Killed an entropy weaver
  6485 | Spider:1 | Killed a jumping spider
  6485 | Spider:1 | Killed a redback
  6485 | Spider:1 | Killed a pharaoh ant
  6485 | Spider:1 | Killed a redback
  6485 | Spider:1 | Killed a radroach
  6485 | Spider:1 | Killed a culicivora
  6485 | Spider:1 | Killed a jumping spider
  6485 | Spider:1 | Killed a spark wasp
  6485 | Spider:1 | Killed a ghost moth
  6485 | Spider:1 | Killed a culicivora
  6485 | Spider:1 | Killed an orb spider
  6485 | Spider:1 | Killed a jumping spider
  6485 | Spider:1 | Killed a jumping spider
  6485 | Spider:1 | Killed a redback
  6485 | Spider:1 | Killed a redback
  6485 | Spider:1 | Killed a jumping spider
  6485 | Spider:1 | Killed a culicivora
  6485 | Spider:1 | Killed a tarantella
  6485 | Spider:1 | Killed a tarantella
  6485 | Spider:1 | Killed an orb spider
  6485 | Spider:1 | Killed a demonic crawler
  6485 | Spider:1 | Killed a redback
  6485 | Spider:1 | Killed a redback
  6485 | Spider:1 | Killed a redback
  6485 | Spider:1 | Killed a demonic crawler
  6514 | Spider:1 | Noticed a redback simulacrum
  6528 | Spider:1 | Identified the +5 scale mail of Restlessness {rN+}
  6770 | Spider:2 | Noticed a pharaoh ant
  6770 | Spider:2 | Noticed a jumping spider
  6770 | Spider:2 | Noticed a pharaoh ant
  6770 | Spider:2 | Noticed a wolf spider
  7074 | Spider:2 | Killed a redback
  7074 | Spider:2 | Killed a redback
  7074 | Spider:2 | Killed a redback
  7074 | Spider:2 | Killed a redback
  7074 | Spider:2 | Killed a redback
  7074 | Spider:2 | Killed a redback
  7074 | Spider:2 | Killed a redback
  7074 | Spider:2 | Killed a culicivora
  7074 | Spider:2 | Killed an orb spider
  7074 | Spider:2 | Killed an orb spider
  7074 | Spider:2 | Killed a culicivora
  7074 | Spider:2 | Killed a jumping spider
  7074 | Spider:2 | Killed a culicivora
  7074 | Spider:2 | Killed a culicivora
  7074 | Spider:2 | Killed a pharaoh ant
  7074 | Spider:2 | Killed a jumping spider
  7074 | Spider:2 | Killed a jumping spider
  7074 | Spider:2 | Killed a pharaoh ant
  7074 | Spider:2 | Killed a wolf spider
  7074 | Spider:2 | Killed a tarantella
  7074 | Spider:2 | Killed a wolf spider
  7074 | Spider:2 | Killed a redback
  7074 | Spider:2 | Killed a redback
  7074 | Spider:2 | Killed a redback
  7074 | Spider:2 | Killed a redback
  7074 | Spider:2 | Killed a steelbarb worm
  7074 | Spider:2 | Killed a demonic crawler
  7074 | Spider:2 | Killed a jumping spider
  7074 | Spider:2 | Killed a jumping spider
  7074 | Spider:2 | Killed an orb spider
  7074 | Spider:2 | Noticed a wolf spider simulacrum
  7616 | Spider:3 | Killed a wolf spider
  7616 | Spider:3 | Killed a jumping spider
  7616 | Spider:3 | Killed a redback
  7617 | Spider:3 | Killed a redback
  7619 | Spider:3 | Killed a culicivora
  7619 | Spider:3 | Killed a redback
  7619 | Spider:3 | Killed a redback
  7620 | Spider:3 | Killed a redback
  7622 | Spider:3 | Killed a tarantella
  7638 | Spider:3 | Killed a tarantella
  7638 | Spider:3 | Killed a tarantella
  7639 | Spider:3 | Killed a jumping spider
  7639 | Spider:3 | Killed a redback
  7639 | Spider:3 | Killed a jumping spider
  7640 | Spider:3 | Killed a redback
  7640 | Spider:3 | Killed a redback
  7640 | Spider:3 | Killed a culicivora
  7640 | Spider:3 | Killed a redback
  7641 | Spider:3 | Killed a redback
  7641 | Spider:3 | Killed a wolf spider
  7641 | Spider:3 | Killed a redback
  7642 | Spider:3 | Killed a jumping spider
  7642 | Spider:3 | Killed a jumping spider
  7642 | Spider:3 | Killed a wolf spider
  7643 | Spider:3 | Killed a redback
  7643 | Spider:3 | Killed a redback
  7643 | Spider:3 | Killed a redback
  7643 | Spider:3 | Killed a jumping spider
  7644 | Spider:3 | Killed a redback
  7644 | Spider:3 | Killed a jumping spider
  7644 | Spider:3 | Killed a wolf spider
  7645 | Spider:3 | Killed a jumping spider
  7645 | Spider:3 | Killed a redback
  7661 | Spider:3 | Killed a ghost moth
  7661 | Spider:3 | Killed a demonic crawler
  7661 | Spider:3 | Killed a demonic crawler
  7662 | Spider:3 | Killed an entropy weaver
  7662 | Spider:3 | Killed an entropy weaver
  7662 | Spider:3 | Killed an entropy weaver
  7663 | Spider:3 | Killed a moth of wrath
  7663 | Spider:3 | Killed an emperor scorpion
  7665 | Spider:3 | Killed an emperor scorpion
  7665 | Spider:3 | Killed an entropy weaver
  7667 | Spider:3 | Killed a demonic crawler
  7667 | Spider:3 | Killed a jorogumo
  7689 | Spider:3 | Killed an emperor scorpion
  7794 | Spider:3 | Killed a torpor snail
  7929 | Spider:4 | Entered Level 4 of the Spider Nest
  8233 | Spider:4 | Killed a jumping spider
  8233 | Spider:4 | Killed a redback
  8233 | Spider:4 | Killed a redback
  8233 | Spider:4 | Killed a tarantella
  8233 | Spider:4 | Killed an emperor scorpion
  8233 | Spider:4 | Killed a redback
  8233 | Spider:4 | Killed a culicivora
  8233 | Spider:4 | Killed a tarantella
  8233 | Spider:4 | Killed a redback
  8233 | Spider:4 | Killed a redback
  8233 | Spider:4 | Killed a culicivora
  8233 | Spider:4 | Killed a tarantella
  8233 | Spider:4 | Killed an orb spider
  8233 | Spider:4 | Killed a redback
  8233 | Spider:4 | Killed an emperor scorpion
  8233 | Spider:4 | Killed a moth of wrath
  8233 | Spider:4 | Killed an emperor scorpion
  8233 | Spider:4 | Killed a steelbarb worm
  8233 | Spider:4 | Killed a jumping spider
  8233 | Spider:4 | Killed an orb spider
  8233 | Spider:4 | Killed a wolf spider
  8233 | Spider:4 | Killed a steelbarb worm
  8233 | Spider:4 | Killed a culicivora
  8233 | Spider:4 | Killed a redback
  8233 | Spider:4 | Killed a culicivora
  8233 | Spider:4 | Killed a tarantella
  8233 | Spider:4 | Killed a culicivora
  8233 | Spider:4 | Killed an orb spider
  8233 | Spider:4 | Killed an emperor scorpion
  8233 | Spider:4 | Killed a redback
  8233 | Spider:4 | Killed an emperor scorpion
  8233 | Spider:4 | Killed a culicivora
  8233 | Spider:4 | Killed a wolf spider
  8233 | Spider:4 | Killed a redback
  8233 | Spider:4 | Killed an emperor scorpion
  8233 | Spider:4 | Killed a culicivora
  8233 | Spider:4 | Killed a wolf spider
  8233 | Spider:4 | Killed a jumping spider
  8233 | Spider:4 | Killed a jumping spider
  8233 | Spider:4 | Killed a queen bee
  8233 | Spider:4 | Killed a meliai
  8233 | Spider:4 | Killed a meliai
  8233 | Spider:4 | Killed a meliai
  8233 | Spider:4 | Killed Mara
  8233 | Spider:4 | Killed a demonic crawler
  8233 | Spider:4 | Killed a pharaoh ant
  8233 | Spider:4 | Killed a redback
  8233 | Spider:4 | Killed a wolf spider
  8233 | Spider:4 | Killed a tarantella
  8233 | Spider:4 | Killed an orb spider
  8233 | Spider:4 | Killed a demonic crawler
  8233 | Spider:4 | Killed a radroach
  8233 | Spider:4 | Killed a jumping spider
  8233 | Spider:4 | Killed a tarantella
  8233 | Spider:4 | Killed a boulder beetle
  8233 | Spider:4 | Killed an orb spider
  8233 | Spider:4 | Killed a ghost moth
  8233 | Spider:4 | Killed a torpor snail
  8233 | Spider:4 | Killed a culicivora
  8233 | Spider:4 | Killed a wolf spider
  8233 | Spider:4 | Killed a wolf spider
  8233 | Spider:4 | Killed a redback
  8233 | Spider:4 | Killed a redback
  8233 | Spider:4 | Killed a wolf spider
  8233 | Spider:4 | Killed a torpor snail
  8233 | Spider:4 | Killed a jumping spider
  8233 | Spider:4 | Killed a culicivora
  8233 | Spider:4 | Killed a jumping spider
  8233 | Spider:4 | Killed a jumping spider
  8233 | Spider:4 | Killed a wolf spider
  8233 | Spider:4 | Killed a tarantella
  8312 | Spider:4 | Noticed a wolf spider simulacrum
  8626 | Spider:4 | Got a gossamer rune of Zot
  9055 | Shoals:1 | Entered Level 1 of the Shoals
  9055 | Shoals:1 | Noticed a harpy
  9055 | Shoals:1 | Noticed a merfolk impaler
  9055 | Shoals:1 | Noticed a merfolk aquamancer
  9056 | Shoals:1 | Noticed a merfolk
  9459 | Shoals:1 | Killed Mlioglotl
  9459 | Shoals:1 | Killed a skyshark
  9459 | Shoals:1 | Killed a centaur warrior
  9459 | Shoals:1 | Killed a wind drake
  9459 | Shoals:1 | Killed a harpy
  9459 | Shoals:1 | Killed a harpy
  9459 | Shoals:1 | Killed a harpy
  9459 | Shoals:1 | Killed a harpy
  9459 | Shoals:1 | Killed a cyclops
  9459 | Shoals:1 | Killed a dream sheep
  9459 | Shoals:1 | Killed a dream sheep
  9459 | Shoals:1 | Killed a dream sheep
  9459 | Shoals:1 | Killed a harpy
  9459 | Shoals:1 | Killed a harpy
  9459 | Shoals:1 | Killed a harpy
  9459 | Shoals:1 | Killed a harpy
  9459 | Shoals:1 | Killed a harpy
  9459 | Shoals:1 | Killed a water nymph
  9459 | Shoals:1 | Killed a harpy
  9459 | Shoals:1 | Killed a harpy
  9459 | Shoals:1 | Killed a harpy
  9459 | Shoals:1 | Killed a wind drake
  9459 | Shoals:1 | Killed a water elemental
  9459 | Shoals:1 | Killed a sea snake
  9459 | Shoals:1 | Killed a merfolk
  9459 | Shoals:1 | Killed a merfolk
  9459 | Shoals:1 | Killed a skyshark
  9459 | Shoals:1 | Killed a manticore
  9459 | Shoals:1 | Killed a manticore
  9459 | Shoals:1 | Killed a merfolk impaler
  9459 | Shoals:1 | Killed a skyshark
  9459 | Shoals:1 | Killed a wind drake
  9459 | Shoals:1 | Killed a snapping turtle
  9459 | Shoals:1 | Killed a merfolk
  9459 | Shoals:1 | Killed a merfolk aquamancer
  9459 | Shoals:1 | Killed a merfolk
  9459 | Shoals:1 | Killed a water elemental
  9459 | Shoals:1 | Killed a merfolk
  9813 | Shoals:2 | Killed Donald
  9813 | Shoals:2 | Killed a merfolk aquamancer
  9813 | Shoals:2 | Killed a merfolk
  9813 | Shoals:2 | Killed a water elemental
  9813 | Shoals:2 | Killed a water elemental
  9813 | Shoals:2 | Killed a water elemental
  9813 | Shoals:2 | Killed a merfolk siren
  9813 | Shoals:2 | Killed a sea snake
  9813 | Shoals:2 | Killed a merfolk siren
  9813 | Shoals:2 | Killed a water elemental
  9813 | Shoals:2 | Killed a sea snake
  9813 | Shoals:2 | Killed a snapping turtle
  9813 | Shoals:2 | Killed a merfolk
  9813 | Shoals:2 | Killed a manticore
  9813 | Shoals:2 | Killed a merfolk
  9813 | Shoals:2 | Killed a wind drake
  9813 | Shoals:2 | Killed a sea snake
  9813 | Shoals:2 | Killed a sea snake
  9813 | Shoals:2 | Killed a water elemental
  9857 | Shoals:3 | Noticed a merfolk avatar
  9857 | Shoals:3 | Noticed a water nymph
  9857 | Shoals:3 | Noticed a skyshark
  9857 | Shoals:3 | Found a flickering gateway to a bazaar.
 10161 | Shoals:3 | Killed a merfolk avatar
 10161 | Shoals:3 | Killed a faun
 10161 | Shoals:3 | Killed a faun
 10161 | Shoals:3 | Killed a faun
 10161 | Shoals:3 | Killed a water nymph
 10161 | Shoals:3 | Killed a merfolk
 10161 | Shoals:3 | Killed a snapping turtle
 10161 | Shoals:3 | Killed a merfolk impaler
 10161 | Shoals:3 | Killed a water elemental
 10161 | Shoals:3 | Killed a manticore
 10161 | Shoals:3 | Killed a harpy
 10161 | Shoals:3 | Killed a harpy
 10161 | Shoals:3 | Killed a harpy
 10161 | Shoals:3 | Killed a merfolk
 10161 | Shoals:3 | Killed an alligator snapping turtle
 10161 | Shoals:3 | Killed a skyshark
 10161 | Shoals:3 | Killed a sea snake
 10161 | Shoals:3 | Killed a merfolk avatar
 10161 | Shoals:3 | Killed a water nymph
 10161 | Shoals:3 | Killed a merfolk siren
 10161 | Shoals:3 | Killed a water elemental
 10161 | Shoals:3 | Killed a sea snake
 10161 | Shoals:3 | Killed a merfolk siren
 10161 | Shoals:3 | Killed a manticore
 10161 | Shoals:3 | Killed a wind drake
 10161 | Shoals:3 | Killed a water nymph
 10161 | Shoals:3 | Killed a sea snake
 10161 | Shoals:3 | Killed a merfolk impaler
 10161 | Shoals:3 | Killed a merfolk
 10161 | Shoals:3 | Killed a merfolk
 10161 | Shoals:3 | Killed a manticore
 10161 | Shoals:3 | Killed a merfolk
 10161 | Shoals:3 | Killed a sea snake
 10243 | Bazaar   | Entered a bazaar
 10249 | Bazaar   | Found Qeruhehi's Jewellery Boutique.
 10249 | Bazaar   | Found Ceesukonnau's Book Shop.
 10262 | Bazaar   | Bought a manual of Ranged Weapons for 640 gold pieces
 10268 | Bazaar   | Got the Omnibus of Oozing Pus
 10338 | Shoals:4 | Entered Level 4 of the Shoals
 10338 | Shoals:4 | Noticed a merfolk
 10338 | Shoals:4 | Noticed a merfolk avatar
 10338 | Shoals:4 | Noticed a merfolk avatar
 10338 | Shoals:4 | Noticed a harpy
 10338 | Shoals:4 | Noticed a harpy
 10339 | Shoals:4 | Noticed a harpy
 10469 | Shoals:4 | Killed an alligator snapping turtle
 10469 | Shoals:4 | Killed a merfolk impaler
 10469 | Shoals:4 | Killed a kraken
 10469 | Shoals:4 | Killed a merfolk aquamancer
 10469 | Shoals:4 | Killed a merfolk impaler
 10469 | Shoals:4 | Killed a merfolk avatar
 10469 | Shoals:4 | Killed a merfolk aquamancer
 10469 | Shoals:4 | Killed a manticore
 10469 | Shoals:4 | Killed a merfolk impaler
 10469 | Shoals:4 | Killed a merfolk javelineer
 10469 | Shoals:4 | Killed a merfolk aquamancer
 10469 | Shoals:4 | Killed a harpy
 10469 | Shoals:4 | Killed a harpy
 10469 | Shoals:4 | Killed a harpy
 10469 | Shoals:4 | Killed a harpy
 10469 | Shoals:4 | Killed a harpy
 10469 | Shoals:4 | Killed a merfolk javelineer
 10469 | Shoals:4 | Killed a water nymph
 10469 | Shoals:4 | Killed a merfolk aquamancer
 10469 | Shoals:4 | Killed a snapping turtle
 10469 | Shoals:4 | Killed a merfolk avatar
 10469 | Shoals:4 | Killed a merfolk aquamancer
 10469 | Shoals:4 | Killed a snapping turtle
 10469 | Shoals:4 | Killed a merfolk
 10469 | Shoals:4 | Killed a snapping turtle
 10469 | Shoals:4 | Killed a harpy
 10469 | Shoals:4 | Killed a merfolk
 10469 | Shoals:4 | Killed a sea snake
 10469 | Shoals:4 | Killed a wind drake
 10469 | Shoals:4 | Killed a merfolk
 10469 | Shoals:4 | Killed a manticore
 10469 | Shoals:4 | Killed a merfolk
 10469 | Shoals:4 | Killed a snapping turtle
 10469 | Shoals:4 | Killed a merfolk
 10469 | Shoals:4 | Killed a snapping turtle
 10469 | Shoals:4 | Killed a sea snake
 10469 | Shoals:4 | Killed a sea snake
 10469 | Shoals:4 | Killed a merfolk
 10469 | Shoals:4 | Killed a snapping turtle
 10469 | Shoals:4 | Killed a sea snake
 10469 | Shoals:4 | Killed a water nymph
 10469 | Shoals:4 | Killed a merfolk siren
 10469 | Shoals:4 | Killed a manticore
 10469 | Shoals:4 | Killed a merfolk avatar
 10469 | Shoals:4 | Killed a sea snake
 10469 | Shoals:4 | Killed a manticore
 10469 | Shoals:4 | Killed a merfolk avatar
 10469 | Shoals:4 | Killed a satyr
 10469 | Shoals:4 | Killed a harpy
 10469 | Shoals:4 | Killed a harpy
 10469 | Shoals:4 | Killed a harpy
 10469 | Shoals:4 | Killed a harpy
 10469 | Shoals:4 | Killed a water nymph
 10469 | Shoals:4 | Killed a merfolk aquamancer
 10469 | Shoals:4 | Killed a merfolk
 10469 | Shoals:4 | Killed a water elemental
 10469 | Shoals:4 | Killed a merfolk
 10469 | Shoals:4 | Killed a water elemental
 10469 | Shoals:4 | Killed a merfolk javelineer
 10469 | Shoals:4 | Killed a merfolk
 10469 | Shoals:4 | Killed a merfolk
 10469 | Shoals:4 | Killed a merfolk
 10469 | Shoals:4 | Killed a merfolk
 10469 | Shoals:4 | Killed a snapping turtle
 10469 | Shoals:4 | Killed a manticore
 10469 | Shoals:4 | Killed a merfolk
 10469 | Shoals:4 | Killed a wind drake
 10469 | Shoals:4 | Killed a merfolk siren
 10469 | Shoals:4 | Killed an alligator snapping turtle
 10469 | Shoals:4 | Killed a manticore
 10469 | Shoals:4 | Killed a merfolk siren
 10469 | Shoals:4 | Killed a manticore
 10469 | Shoals:4 | Killed a merfolk siren
 10556 | Shoals:4 | Got a barnacled rune of Zot
 11028 | D:9      | Killed a centaur
 11028 | D:9      | Killed a yak
 11028 | D:9      | Killed a yak
 11028 | D:9      | Killed a yak
 11028 | D:9      | Killed a yak
 11028 | D:9      | Killed a yak
 11028 | D:9      | Killed a kobold brigand
 11028 | D:9      | Killed an orc warrior
 11028 | D:9      | Killed a centaur
 11028 | D:9      | Killed a yak
 11028 | D:9      | Killed a yak
 11028 | D:9      | Killed a yak
 11028 | D:9      | Killed a wyvern
 11492 | D:9      | Identified a scroll of acquirement
 11492 | D:9      | Acquired 689 gold pieces
 11552 | D:9      | Found a flagged portal.
 11560 | Bailey   | Entered a bailey
 11766 | Bailey   | Killed an orc warlord
 11771 | Bailey   | Killed an orc warrior
 11772 | Bailey   | Killed an orc warrior
 11773 | Bailey   | Killed an orc warrior
 12039 | Bailey   | Found a runed translucent gate.
 12042 | Bailey   | Found a runed translucent gate.
 12044 | Bailey   | Found a runed translucent gate.
 12075 | Bailey   | Acquired the +2 helmet of Filth {MP+9}
 12298 | D:10     | Entered Level 10 of the Dungeon
 12298 | D:10     | Noticed an orc warrior
 12548 | D:10     | Killed a yak
 12548 | D:10     | Killed an orc warrior
 12548 | D:10     | Killed an ogre mage
 12548 | D:10     | Killed a wraith
 12548 | D:10     | Killed a vampire
 12548 | D:10     | Killed a kobold demonologist
 12548 | D:10     | Killed a yak
 12548 | D:10     | Killed an orc knight
 12548 | D:10     | Killed an orc warrior
 12548 | D:10     | Killed a troll
 12548 | D:10     | Killed a warg
 12548 | D:10     | Killed a wraith
 12548 | D:10     | Killed an orc warrior
 12548 | D:10     | Killed a centaur
 12548 | D:10     | Killed a wraith
 12548 | D:10     | Killed a gargoyle
 12548 | D:10     | Killed a hydra
 12548 | D:10     | Killed a skeletal warrior
 12548 | D:10     | Killed a vampire mosquito
 12548 | D:10     | Killed an ogre mage
 12548 | D:10     | Killed an orc knight
 12548 | D:10     | Killed an orc warrior
 12548 | D:10     | Killed a manticore
 12548 | D:10     | Killed a centaur warrior
 12548 | D:10     | Killed an acid dragon
 12548 | D:10     | Killed an ice dragon
 12548 | D:10     | Killed a wyvern
 12548 | D:10     | Killed Zigma's ghost
 12548 | D:10     | Killed blade888's ghost
 12548 | D:10     | Killed a yak
 12548 | D:10     | Killed a yak
 12548 | D:10     | Killed a yak
 12548 | D:10     | Killed Grum
 12548 | D:10     | Killed a wolf
 12548 | D:10     | Killed a wolf
 12548 | D:10     | Killed a wolf
 12548 | D:10     | Killed Psyche
 12548 | D:10     | Killed an orc warrior
 12548 | D:10     | Killed a centaur
 12548 | D:10     | Killed a two-headed ogre
 12548 | D:10     | Killed a yak
 12548 | D:10     | Killed a yak
 12548 | D:10     | Killed a yak
 12548 | D:10     | Killed an orc warrior
 12548 | D:10     | Killed a kobold brigand
 12548 | D:10     | Killed a troll
 12787 | D:11     | Noticed a boulder beetle
 12901 | Lair:3   | Killed a cane toad
 12901 | Lair:3   | Killed a water moccasin
 12901 | Lair:3   | Killed a yak
 12901 | Lair:3   | Killed a yak
 12901 | Lair:3   | Killed a yak
 12901 | Lair:3   | Killed a yak
 12901 | Lair:3   | Killed a yak
 12901 | Lair:3   | Killed a yak
 12901 | Lair:3   | Killed a cane toad
 12901 | Lair:3   | Killed a cane toad
 12901 | Lair:3   | Killed a water moccasin
 12901 | Lair:3   | Killed a black bear
 12901 | Lair:3   | Killed a water moccasin
 12901 | Lair:3   | Killed a wolf
 12901 | Lair:3   | Killed a wolf
 12901 | Lair:3   | Killed a wolf
 12901 | Lair:3   | Killed a wolf
 12901 | Lair:3   | Killed a wolf
 12901 | Lair:3   | Killed a cane toad
 12901 | Lair:3   | Killed a hydra
 12901 | Lair:3   | Killed a cane toad
 12901 | Lair:3   | Killed a hydra
 12901 | Lair:3   | Killed a rime drake
 12901 | Lair:3   | Killed a catoblepas
 13640 | Lair:4   | Killed a wyvern
 13640 | Lair:4   | Killed a komodo dragon
 13640 | Lair:4   | Killed Kirke
 13640 | Lair:4   | Killed a hog
 13640 | Lair:4   | Killed a hog
 13640 | Lair:4   | Killed a hog
 13640 | Lair:4   | Killed a hog
 13640 | Lair:4   | Killed a hog
 13640 | Lair:4   | Killed a hog
 13640 | Lair:4   | Killed a hog
 13640 | Lair:4   | Killed a cane toad
 13640 | Lair:4   | Killed a black mamba
 13640 | Lair:4   | Killed a wyvern
 13640 | Lair:4   | Killed a black bear
 13640 | Lair:4   | Killed a yak
 13640 | Lair:4   | Killed a yak
 13640 | Lair:4   | Killed a yak
 13640 | Lair:4   | Killed a yak
 13640 | Lair:4   | Killed a rime drake
 13640 | Lair:4   | Killed a basilisk
 13640 | Lair:4   | Killed a skyshark
 13640 | Lair:4   | Killed a polar bear
 13640 | Lair:4   | Killed an elephant
 13640 | Lair:4   | Killed an elephant
 13640 | Lair:4   | Killed an elephant
 13640 | Lair:4   | Killed a water moccasin
 13640 | Lair:4   | Killed a hydra
 13640 | Lair:4   | Killed a torpor snail
 13640 | Lair:4   | Killed a yak
 13640 | Lair:4   | Killed a yak
 13640 | Lair:4   | Killed a komodo dragon
 13640 | Lair:4   | Killed a black mamba
 13851 | Lair:5   | Entered Level 5 of the Lair of Beasts
 13851 | Lair:5   | Noticed Josephine
 13851 | Lair:5   | Noticed a wraith
 13851 | Lair:5   | Noticed a wraith
 13851 | Lair:5   | Noticed a wraith
 13851 | Lair:5   | Noticed a basilisk
 13851 | Lair:5   | Noticed a komodo dragon
 13851 | Lair:5   | Noticed a blink frog
 13851 | Lair:5   | Noticed a blink frog
 13851 | Lair:5   | Noticed a blink frog
 13852 | Lair:5   | Noticed a blink frog
 13929 | Lair:4   | Found a staircase to the Slime Pits.
 13934 | Lair:4   | You fall into a shaft and drop 1 floor!
 13934 | Lair:5   | Killed a rime drake
 13934 | Lair:5   | Killed a hornet
 13934 | Lair:5   | Killed a blink frog
 13934 | Lair:5   | Killed a torpor snail
 13934 | Lair:5   | Killed a rime drake
 13934 | Lair:5   | Killed a komodo dragon
 13934 | Lair:5   | Killed a sea snake
 13934 | Lair:5   | Killed a snapping turtle
 13934 | Lair:5   | Killed a manticore
 13934 | Lair:5   | Killed a snapping turtle
 13934 | Lair:5   | Killed a snapping turtle
 13934 | Lair:5   | Killed a skyshark
 13934 | Lair:5   | Killed a merfolk avatar
 13934 | Lair:5   | Killed an elephant
 13934 | Lair:5   | Killed a cane toad
 13934 | Lair:5   | Killed a hydra
 13934 | Lair:5   | Killed a tentacled starspawn
 13934 | Lair:5   | Killed a human
 13934 | Lair:5   | Killed a black mamba
 13934 | Lair:5   | Killed an anaconda
 13934 | Lair:5   | Killed a polar bear
 13934 | Lair:5   | Killed a rime drake
 13934 | Lair:5   | Killed a death yak
 13934 | Lair:5   | Killed a death yak
 13934 | Lair:5   | Killed a death yak
 13934 | Lair:5   | Killed a basilisk
 13934 | Lair:5   | Killed Josephine
 13934 | Lair:5   | Killed a wraith
 13934 | Lair:5   | Killed a wraith
 13934 | Lair:5   | Killed a wraith
 13934 | Lair:5   | Killed a wraith
 13934 | Lair:5   | Killed Urug
 13934 | Lair:5   | Killed Rupert
 13934 | Lair:5   | Killed an elephant
 13934 | Lair:5   | Killed an elephant
 13934 | Lair:5   | Killed an elephant
 13934 | Lair:5   | Killed an elephant
 13934 | Lair:5   | Killed a yak
 13934 | Lair:5   | Killed a yak
 13934 | Lair:5   | Killed a yak
 13934 | Lair:5   | Killed a yak
 13934 | Lair:5   | Killed a water moccasin
 13934 | Lair:5   | Killed a water moccasin
 13934 | Lair:5   | Killed a basilisk
 13934 | Lair:5   | Killed a water moccasin
 13934 | Lair:5   | Killed a dream sheep
 13934 | Lair:5   | Killed a dream sheep
 13934 | Lair:5   | Killed a dream sheep
 13934 | Lair:5   | Killed a dream sheep
 13934 | Lair:5   | Killed a komodo dragon
 13934 | Lair:5   | Killed a water moccasin
 13934 | Lair:5   | Killed a komodo dragon
 13934 | Lair:5   | Killed a komodo dragon
 13934 | Lair:5   | Killed a cane toad
 13934 | Lair:5   | Killed a polar bear
 13934 | Lair:5   | Killed a water moccasin
 13934 | Lair:5   | Killed a water moccasin
 13934 | Lair:5   | Killed a komodo dragon
 13934 | Lair:5   | Killed a water moccasin
 13934 | Lair:5   | Killed a cane toad
 13934 | Lair:5   | Killed a yak
 13934 | Lair:5   | Killed a yak
 13934 | Lair:5   | Killed a yak
 13934 | Lair:5   | Killed a yak
 13934 | Lair:5   | Killed a yak
 13934 | Lair:5   | Killed a yak
 13934 | Lair:5   | Killed a basilisk
 13934 | Lair:5   | Killed a blink frog
 13934 | Lair:5   | Killed a blink frog
 13934 | Lair:5   | Killed a blink frog
 13934 | Lair:5   | Killed a blink frog
 13934 | Lair:5   | Killed a blink frog
 13934 | Lair:5   | Killed a blink frog
 13934 | Lair:5   | Killed a blink frog
 13943 | Lair:4   | Found a frozen archway.
 13955 | IceCv    | Entered an ice cave
 14083 | Slime:1  | Entered Level 1 of the Pits of Slime
 14083 | Slime:1  | Noticed a slime creature
 14083 | Slime:1  | Noticed a slime creature
 14083 | Slime:1  | Noticed a slime creature
 14083 | Slime:1  | Noticed a great orb of eyes
 14387 | Slime:1  | Killed an azure jelly
 14387 | Slime:1  | Killed an acid blob
 14387 | Slime:1  | Killed a slime creature
 14387 | Slime:1  | Killed a rockslime
 14387 | Slime:1  | Killed a rockslime
 14387 | Slime:1  | Killed a slime creature
 14387 | Slime:1  | Killed a slime creature
 14387 | Slime:1  | Killed a slime creature
 14387 | Slime:1  | Killed a slime creature
 14387 | Slime:1  | Killed a shining eye
 14387 | Slime:1  | Killed a slime creature
 14387 | Slime:1  | Killed a slime creature
 14387 | Slime:1  | Killed a slime creature
 14387 | Slime:1  | Killed a slime creature
 14387 | Slime:1  | Killed a shining eye
 14387 | Slime:1  | Killed a great orb of eyes
 14387 | Slime:1  | Killed an azure jelly
 14387 | Slime:1  | Killed a slime creature
 14387 | Slime:1  | Killed a slime creature
 14387 | Slime:1  | Killed a slime creature
 14387 | Slime:1  | Killed a great orb of eyes
 14387 | Slime:1  | Killed a slime creature
 14387 | Slime:1  | Killed a slime creature
 14387 | Slime:1  | Killed a slime creature
 14387 | Slime:1  | Killed a slime creature
 14387 | Slime:1  | Killed a slime creature
 14387 | Slime:1  | Killed a slime creature
 14387 | Slime:1  | Killed a slime creature
 14387 | Slime:1  | Killed a slime creature
 14387 | Slime:1  | Killed a slime creature
 14387 | Slime:1  | Killed a slime creature
 14387 | Slime:1  | Killed a slime creature
 14387 | Slime:1  | Killed a shining eye
 14387 | Slime:1  | Killed a slime creature
 14387 | Slime:1  | Killed a slime creature
 14387 | Slime:1  | Killed a slime creature
 14387 | Slime:1  | Killed a slime creature
 14387 | Slime:1  | Killed a slime creature
 14387 | Slime:1  | Killed a quicksilver ooze
 14387 | Slime:1  | Killed a shining eye
 14387 | Slime:1  | Killed a slime creature
 14387 | Slime:1  | Killed a slime creature
 14387 | Slime:1  | Killed a slime creature
 14392 | Slime:2  | Noticed an acid blob
 14696 | Slime:2  | Killed a quicksilver ooze
 14696 | Slime:2  | Killed an acid blob
 14696 | Slime:2  | Killed a slime creature
 14696 | Slime:2  | Killed a slime creature
 14696 | Slime:2  | Killed a slime creature
 14696 | Slime:2  | Killed a rockslime
 14696 | Slime:2  | Killed a quicksilver ooze
 14696 | Slime:2  | Killed an acid blob
 14696 | Slime:2  | Killed a rockslime
 14696 | Slime:2  | Killed a slime creature
 14696 | Slime:2  | Killed a slime creature
 14696 | Slime:2  | Killed a slime creature
 14696 | Slime:2  | Killed a slime creature
 14696 | Slime:2  | Killed a slime creature
 14696 | Slime:2  | Killed a slime creature
 14696 | Slime:2  | Killed a slime creature
 14696 | Slime:2  | Killed a slime creature
 14696 | Slime:2  | Killed a slime creature
 14696 | Slime:2  | Killed a slime creature
 14696 | Slime:2  | Killed a slime creature
 14696 | Slime:2  | Killed an acid blob
 14696 | Slime:2  | Killed a slime creature
 14696 | Slime:2  | Killed a slime creature
 14696 | Slime:2  | Killed a slime creature
 14696 | Slime:2  | Killed a slime creature
 14696 | Slime:2  | Killed a slime creature
 14696 | Slime:2  | Killed a slime creature
 14696 | Slime:2  | Killed a slime creature
 14696 | Slime:2  | Killed a quicksilver ooze
 14696 | Slime:2  | Killed a slime creature
 14696 | Slime:2  | Killed a slime creature
 14696 | Slime:2  | Killed a slime creature
 14696 | Slime:2  | Killed a slime creature
 14696 | Slime:2  | Killed a slime creature
 14696 | Slime:2  | Killed a slime creature
 14705 | Slime:3  | Noticed an acid blob
 15009 | Slime:3  | Killed Dissolution
 15009 | Slime:3  | Killed an acid blob
 15009 | Slime:3  | Killed an azure jelly
 15009 | Slime:3  | Killed a shining eye
 15009 | Slime:3  | Killed a rockslime
 15009 | Slime:3  | Killed an acid blob
 15009 | Slime:3  | Killed a slime creature
 15009 | Slime:3  | Killed a slime creature
 15009 | Slime:3  | Killed a slime creature
 15009 | Slime:3  | Killed a slime creature
 15009 | Slime:3  | Killed a slime creature
 15009 | Slime:3  | Killed a rockslime
 15009 | Slime:3  | Killed a rockslime
 15009 | Slime:3  | Killed a slime creature
 15009 | Slime:3  | Killed a slime creature
 15009 | Slime:3  | Killed a slime creature
 15009 | Slime:3  | Killed a slime creature
 15009 | Slime:3  | Killed a slime creature
 15009 | Slime:3  | Killed a slime creature
 15017 | Slime:4  | Noticed a slime creature
 15017 | Slime:4  | Noticed a slime creature
 15017 | Slime:4  | Noticed a slime creature
 15017 | Slime:4  | Noticed a rockslime
 15321 | Slime:4  | Killed a great orb of eyes
 15321 | Slime:4  | Killed a quicksilver ooze
 15321 | Slime:4  | Killed an eye of devastation
 15321 | Slime:4  | Killed an eye of devastation
 15321 | Slime:4  | Killed a rockslime
 15321 | Slime:4  | Killed a slime creature
 15321 | Slime:4  | Killed a slime creature
 15321 | Slime:4  | Killed a slime creature
 15321 | Slime:4  | Killed a slime creature
 15321 | Slime:4  | Killed a slime creature
 15321 | Slime:4  | Killed a slime creature
 15321 | Slime:4  | Killed an acid blob
 15321 | Slime:4  | Killed an acid blob
 15321 | Slime:4  | Killed an azure jelly
 15321 | Slime:4  | Killed a slime creature
 15321 | Slime:4  | Killed a slime creature
 15321 | Slime:4  | Killed a slime creature
 15321 | Slime:4  | Killed a slime creature
 15321 | Slime:4  | Killed a slime creature
 15321 | Slime:4  | Killed a slime creature
 15321 | Slime:4  | Killed a rockslime
 15321 | Slime:4  | Killed a slime creature
 15321 | Slime:4  | Killed a slime creature
 15321 | Slime:4  | Killed a slime creature
 15321 | Slime:4  | Killed a slime creature
 15321 | Slime:4  | Killed a glowing orange brain
 15321 | Slime:4  | Killed an acid blob
 15321 | Slime:4  | Killed an azure jelly
 15321 | Slime:4  | Killed an azure jelly
 15321 | Slime:4  | Killed a golden eye
 15321 | Slime:4  | Killed a golden eye
 15321 | Slime:4  | Killed a golden eye
 15321 | Slime:4  | Killed a golden eye
 15321 | Slime:4  | Killed a quicksilver ooze
 15321 | Slime:4  | Killed a slime creature
 15321 | Slime:4  | Killed a slime creature
 15321 | Slime:4  | Killed a slime creature
 15321 | Slime:4  | Killed a rockslime
 15364 | Slime:5  | Entered Level 5 of the Pits of Slime
 15668 | Slime:5  | Killed an acid blob
 15668 | Slime:5  | Killed an acid blob
 15668 | Slime:5  | Killed an acid blob
 15668 | Slime:5  | Killed an acid blob
 15668 | Slime:5  | Killed a great orb of eyes
 15668 | Slime:5  | Killed an acid blob
 15668 | Slime:5  | Killed a slime creature
 15668 | Slime:5  | Killed the Royal Jelly
 15668 | Slime:5  | Killed a rockslime
 15668 | Slime:5  | Killed a golden eye
 15668 | Slime:5  | Killed an acid blob
 15668 | Slime:5  | Killed a slime creature
 15668 | Slime:5  | Killed a formless jellyfish
 15668 | Slime:5  | Killed an acid blob
 15668 | Slime:5  | Killed an eye of devastation
 15668 | Slime:5  | Killed a slime creature
 15668 | Slime:5  | Killed a rockslime
 15668 | Slime:5  | Killed an acid blob
 15668 | Slime:5  | Killed a slime creature
 15668 | Slime:5  | Killed a slime creature
 15668 | Slime:5  | Killed a slime creature
 15668 | Slime:5  | Killed a rockslime
 15668 | Slime:5  | Killed a rockslime
 15668 | Slime:5  | Killed a rockslime
 15668 | Slime:5  | Killed an acid blob
 15668 | Slime:5  | Killed a great orb of eyes
 15668 | Slime:5  | Killed a slime creature
 15668 | Slime:5  | Killed a slime creature
 15668 | Slime:5  | Killed a slime creature
 15668 | Slime:5  | Killed a slime creature
 15668 | Slime:5  | Killed a slime creature
 15668 | Slime:5  | Killed a slime creature
 15668 | Slime:5  | Killed a slime creature
 15668 | Slime:5  | Killed a slime creature
 15668 | Slime:5  | Killed a slime creature
 15668 | Slime:5  | Killed a slime creature
 15668 | Slime:5  | Killed a slime creature
 15668 | Slime:5  | Killed a slime creature
 15668 | Slime:5  | Killed a slime creature
 15668 | Slime:5  | Killed a slime creature
 15668 | Slime:5  | Killed an acid blob
 15668 | Slime:5  | Killed a great orb of eyes
 15668 | Slime:5  | Killed an eye of devastation
 15681 | Slime:5  | Found the +8 lance "Wyrmbane" {slay drac, rPois rF+ rC+
                  | AC+3}
 15682 | Slime:5  | Found the +7 mace of Variability {chaos, chaos arc}
 15710 | Slime:5  | Found the +3 giant club "Skullcrusher" {speed, Str+7}
 15742 | Slime:5  | Got A Primer on Hermetics
 15764 | Slime:5  | Identified the amulet of Gafutimij {RegenMP rF++ rC- Str+2}
 15811 | Slime:5  | Got a slimy rune of Zot
 16098 | D:11     | Killed Fannar
 16098 | D:11     | Killed a yak
 16098 | D:11     | Killed a yak
 16098 | D:11     | Killed a yak
 16098 | D:11     | Killed a yak
 16098 | D:11     | Killed a yak
 16098 | D:11     | Killed a yak
 16098 | D:11     | Killed a boulder beetle
 16098 | D:11     | Killed a cyclops
 16098 | D:11     | Killed a manticore
 16098 | D:11     | Killed a two-headed ogre
 16098 | D:11     | Killed a manticore
 16098 | D:11     | Killed an acid dragon
 16098 | D:11     | Killed a cyclops
 16287 | D:12     | Killed a basilisk
 16287 | D:12     | Killed an unseen horror
 16287 | D:12     | Killed a two-headed ogre
 16287 | D:12     | Killed a vampire mosquito
 16287 | D:12     | Killed a vampire mosquito
 16287 | D:12     | Killed a vampire mosquito
 16287 | D:12     | Killed a two-headed ogre
 16733 | D:13     | Killed a hydra
 16733 | D:13     | Killed a wraith
 16733 | D:13     | Killed a white ugly thing
 16733 | D:13     | Killed a skeletal warrior
 16733 | D:13     | Killed a skeletal warrior
 16733 | D:13     | Killed a skeletal warrior
 16733 | D:13     | Killed a boulder beetle
 16733 | D:13     | Killed an efreet
 16733 | D:13     | Killed a centaur warrior
 16733 | D:13     | Killed a manticore
 16733 | D:13     | Killed a troll
 16733 | D:13     | Killed a water elemental
 16876 | D:14     | Killed a vampire mosquito
 16879 | D:14     | Killed a vampire mosquito
 16899 | D:14     | Killed a centaur warrior
 16900 | D:14     | Killed a vampire mosquito
 16902 | D:14     | Killed a vampire mosquito
 16919 | D:14     | Killed a guardian serpent
 16920 | D:14     | Killed a guardian serpent
 16943 | D:14     | Killed a fire elemental
 16944 | D:14     | Killed a fire elemental
 16946 | D:14     | Killed a fire elemental
 16985 | D:14     | Killed a catoblepas
 16985 | D:14     | Killed a kobold demonologist
 16987 | D:14     | Killed a cyan ugly thing
 16989 | D:14     | Killed a cyan ugly thing
 16990 | D:14     | Killed a deep elf pyromancer
 16991 | D:14     | Killed a glowing long sword
 16991 | D:14     | Killed a boulder beetle
 16991 | D:14     | Killed a brown ugly thing
 16992 | D:14     | Killed a manticore
 16992 | D:14     | Killed a brown ugly thing
 16992 | D:14     | Killed a freezing wraith
 16992 | D:14     | Killed a hydra
 16992 | D:14     | Killed a cyan ugly thing
 16992 | D:14     | Killed a cyan ugly thing
 16993 | D:14     | Killed a glowing long sword
 16993 | D:14     | Killed a freezing wraith
 16994 | D:14     | Killed a brown ugly thing
 17082 | D:14     | Noticed a queen bee
 17085 | D:14     | Killed a cyclops
 17235 | D:14     | Noticed a komodo dragon
 17238 | D:14     | Found a gate to the Vaults.
 17278 | D:14     | Noticed a swamp worm
 17282 | D:14     | Noticed an anaconda
 17644 | D:15     | Entered Level 15 of the Dungeon
 17848 | D:15     | Killed a tengu warrior
 17848 | D:15     | Killed a stone giant
 17848 | D:15     | Killed a tengu warrior
 17848 | D:15     | Killed an orc knight
 17848 | D:15     | Killed a deep troll
 17848 | D:15     | Killed an orc knight
 17848 | D:15     | Killed a two-headed ogre
 17848 | D:15     | Killed a two-headed ogre
 17848 | D:15     | Killed a two-headed ogre
 17848 | D:15     | Killed a tengu warrior
 17848 | D:15     | Killed Jugyrem's ghost
 17848 | D:15     | Killed a tengu warrior
 17848 | D:15     | Killed a two-headed ogre
 17848 | D:15     | Killed a moth of wrath
 17848 | D:15     | Killed a moth of wrath
 17848 | D:15     | Killed a stone giant
 17848 | D:15     | Killed Louise
 17848 | D:15     | Killed Nessos
 17848 | D:15     | Killed Jorgrun
 17848 | D:15     | Killed an efreet
 17848 | D:15     | Killed a cyclops
 17848 | D:15     | Killed a cyclops
 17848 | D:15     | Killed a meliai
 17848 | D:15     | Killed a meliai
 17848 | D:15     | Killed a meliai
 17848 | D:15     | Killed an orc knight
 17848 | D:15     | Killed an orc warrior
 17848 | D:15     | Killed an orc warrior
 17848 | D:15     | Killed an orc warrior
 17848 | D:15     | Killed an orc warrior
 17848 | D:15     | Killed a white ugly thing
 17848 | D:15     | Killed a white ugly thing
 17848 | D:15     | Killed a white ugly thing
 17893 | D:15     | Found a transporter.
 17897 | D:15     | Found a transporter.
 17899 | D:15     | Found a bloodstained altar of Trog.
 17899 | D:15     | Found a radiant altar of Vehumet.
 17909 | D:15     | Identified the ring "Kaesat" {Drain Will+ Str+3 Dex+2}
 18075 | D:15     | Found a gate leading to a gauntlet.
 18084 | Gauntlet | Entered a Gauntlet
 18084 | Gauntlet | Noticed a centaur warrior simulacrum
 18084 | Gauntlet | Noticed a centaur warrior simulacrum
 18084 | Gauntlet | Found a transporter.
 18084 | Gauntlet | Found a transporter.
 18085 | Gauntlet | Noticed a sixfirhy
 18088 | Gauntlet | Noticed a centaur warrior simulacrum
 18092 | Gauntlet | Noticed a centaur warrior simulacrum
 18128 | Gauntlet | Killed a sixfirhy
 18175 | Gauntlet | Killed a death scarab
 18243 | Gauntlet | Killed a hell hound
 18260 | Gauntlet | Killed a centaur warrior simulacrum
 18260 | Gauntlet | Killed a wolf spider simulacrum
 18262 | Gauntlet | Killed a centaur warrior simulacrum
 18262 | Gauntlet | Killed a hellion
 18263 | Gauntlet | Killed a centaur warrior simulacrum
 18265 | Gauntlet | Killed a centaur warrior simulacrum
 18266 | Gauntlet | Killed a golden eye
 18267 | Gauntlet | Killed a centaur warrior simulacrum
 18286 | Gauntlet | Killed a sun demon
 18311 | Gauntlet | Killed a minotaur
 18312 | Gauntlet | Killed a spectral hydra
 18425 | Gauntlet | Killed an eye of devastation
 18489 | Gauntlet | Found a transporter.
 18490 | Gauntlet | Found a transporter.
 18497 | Gauntlet | Found a transporter.
 18501 | Gauntlet | Found a transporter.
 18509 | Gauntlet | Found a transporter.
 18522 | Gauntlet | Found a transporter.
 18541 | Gauntlet | Found a transporter.
 18545 | Gauntlet | Found a transporter.
 18553 | Gauntlet | Found a transporter.
 18557 | Gauntlet | Found a transporter.
 18641 | Gauntlet | Identified the +2 cloak of Youthful Indiscretion {*Corrode
                  | Fly Str+4 Stlth+}
 18671 | Gauntlet | Identified the staff of death "Rennowia" {rC+ rN+ rCorr
                  | Str+4}
 18979 | D:15     | Found a staircase to the Depths.
 18984 | Depths:1 | Entered Level 1 of the Depths
 19288 | Depths:1 | Killed a smoke demon
 19288 | Depths:1 | Killed a sun demon
 19288 | Depths:1 | Killed a smoke demon
 19288 | Depths:1 | Killed a soul eater
 19288 | Depths:1 | Killed a soul eater
 19288 | Depths:1 | Killed a hell knight
 19288 | Depths:1 | Killed a smoke demon
 19288 | Depths:1 | Killed a sun demon
 19288 | Depths:1 | Killed a hell knight
 19288 | Depths:1 | Killed a hell knight
 19288 | Depths:1 | Killed a sun demon
 19288 | Depths:1 | Killed a soul eater
 19288 | Depths:1 | Killed a soul eater
 19288 | Depths:1 | Killed a smoke demon
 19288 | Depths:1 | Killed a hell hog
 19288 | Depths:1 | Killed a spriggan berserker
 19288 | Depths:1 | Killed a titan
 19288 | Depths:1 | Killed a fire giant
 19288 | Depths:1 | Killed a tengu warrior
 19288 | Depths:1 | Killed the Enchantress
 19288 | Depths:1 | Killed a spriggan defender
 19288 | Depths:1 | Killed a spriggan defender
 19288 | Depths:1 | Killed a spriggan defender
 19288 | Depths:1 | Killed a spriggan air mage
 19288 | Depths:1 | Killed a spriggan
 19288 | Depths:1 | Killed a spriggan
 19288 | Depths:1 | Killed a spriggan
 19288 | Depths:1 | Killed a spriggan rider
 19288 | Depths:1 | Killed a hornet
 19288 | Depths:1 | Killed a rakshasa
 19288 | Depths:1 | Killed a lich
 19288 | Depths:1 | Killed a fire giant
 19288 | Depths:1 | Killed a brown very ugly thing
 19288 | Depths:1 | Killed a brown very ugly thing
 19288 | Depths:1 | Killed a brown ugly thing
 19288 | Depths:1 | Killed a brown ugly thing
 19288 | Depths:1 | Killed a brown ugly thing
 19288 | Depths:1 | Killed a brown ugly thing
 19288 | Depths:1 | Killed a red very ugly thing
 19288 | Depths:1 | Killed a red very ugly thing
 19288 | Depths:1 | Killed a red very ugly thing
 19288 | Depths:1 | Killed a red ugly thing
 19288 | Depths:1 | Killed a red very ugly thing
 19288 | Depths:1 | Killed a stone giant
 19288 | Depths:1 | Killed a rakshasa
 19288 | Depths:1 | Killed a frost giant
 19288 | Depths:1 | Killed an ice dragon
 19288 | Depths:1 | Killed an ice dragon
 19288 | Depths:1 | Killed a deep troll earth mage
 19288 | Depths:1 | Killed an iron troll
 19288 | Depths:1 | Killed a deep troll
 19288 | Depths:1 | Killed a deep troll earth mage
 19288 | Depths:1 | Killed an iron troll
 19288 | Depths:1 | Killed a deep troll
 19288 | Depths:1 | Killed a frost giant
 19288 | Depths:1 | Killed a deep troll shaman
 19288 | Depths:1 | Killed a deep troll earth mage
 19288 | Depths:1 | Killed a deep troll
 19288 | Depths:1 | Killed an iron troll
 19288 | Depths:1 | Killed an iron troll
 19288 | Depths:1 | Killed a spark wasp
 19288 | Depths:1 | Killed a spark wasp
 19288 | Depths:1 | Killed a spark wasp
 19288 | Depths:1 | Killed a fire giant
 19288 | Depths:1 | Killed a fire dragon
 19288 | Depths:1 | Killed a cyan ugly thing
 19288 | Depths:1 | Killed a cyan ugly thing
 19288 | Depths:1 | Killed a cyan ugly thing
 19288 | Depths:1 | Killed a cyan ugly thing
 19288 | Depths:1 | Killed a cyan ugly thing
 19288 | Depths:1 | Killed a stone giant
 19288 | Depths:1 | Killed an ice dragon
 19288 | Depths:1 | Killed a tengu conjurer
 19288 | Depths:1 | Killed a tengu warrior
 19288 | Depths:1 | Killed a fire giant
 19288 | Depths:1 | Killed an ettin
 19288 | Depths:1 | Killed a fire giant
 19288 | Depths:1 | Killed an ettin
 19288 | Depths:1 | Killed an ettin
 19288 | Depths:1 | Killed a stone giant
 19288 | Depths:1 | Killed a floating eye
 19288 | Depths:1 | Killed a frost giant
 19288 | Depths:1 | Killed a tengu warrior
 19288 | Depths:1 | Killed a tengu warrior
 19305 | Depths:1 | Noticed a dream sheep
 19619 | Depths:1 | Found a gateway to Hell.
 20007 | Depths:2 | Killed a spark wasp
 20007 | Depths:2 | Killed a caustic shrike
 20007 | Depths:2 | Killed a stone giant
 20007 | Depths:2 | Killed a golden dragon
 20007 | Depths:2 | Killed a lich
 20007 | Depths:2 | Killed a spriggan berserker
 20007 | Depths:2 | Killed a hellwing
 20007 | Depths:2 | Killed a chaos spawn
 20007 | Depths:2 | Killed a sixfirhy
 20007 | Depths:2 | Killed a reaper
 20007 | Depths:2 | Killed a soul eater
 20007 | Depths:2 | Killed a floating eye
 20007 | Depths:2 | Killed an ettin
 20007 | Depths:2 | Killed a spriggan berserker
 20007 | Depths:2 | Killed a spriggan defender
 20007 | Depths:2 | Killed a spriggan defender
 20007 | Depths:2 | Killed a spriggan rider
 20007 | Depths:2 | Killed a hornet
 20007 | Depths:2 | Killed a spriggan air mage
 20007 | Depths:2 | Killed a spriggan rider
 20007 | Depths:2 | Killed a hornet
 20007 | Depths:2 | Killed a brown very ugly thing
 20007 | Depths:2 | Killed a brown very ugly thing
 20007 | Depths:2 | Killed a brown very ugly thing
 20007 | Depths:2 | Killed an ettin
 20007 | Depths:2 | Killed a red very ugly thing
 20007 | Depths:2 | Killed a red ugly thing
 20007 | Depths:2 | Killed a red very ugly thing
 20007 | Depths:2 | Killed a red very ugly thing
 20007 | Depths:2 | Killed a red ugly thing
 20007 | Depths:2 | Killed a red ugly thing
 20007 | Depths:2 | Killed a spriggan berserker
 20007 | Depths:2 | Killed a fire dragon
 20007 | Depths:2 | Killed an ice dragon
 20007 | Depths:2 | Killed a fire giant
 20007 | Depths:2 | Killed a vampire mage
 20007 | Depths:2 | Killed a necromancer
 20007 | Depths:2 | Killed a stone giant simulacrum
 20007 | Depths:2 | Killed a sphinx zombie
 20007 | Depths:2 | Killed a glowing orange brain
 20007 | Depths:2 | Killed a cyan very ugly thing
 20007 | Depths:2 | Killed a cyan ugly thing
 20007 | Depths:2 | Killed a cyan ugly thing
 20007 | Depths:2 | Killed a cyan very ugly thing
 20007 | Depths:2 | Killed a cyan ugly thing
 20007 | Depths:2 | Killed a cyan ugly thing
 20007 | Depths:2 | Killed a rakshasa
 20007 | Depths:2 | Killed a stone giant
 20012 | Depths:3 | Noticed a deep troll shaman
 20012 | Depths:3 | Noticed an iron troll
 20012 | Depths:3 | Noticed a deep troll shaman
 20012 | Depths:3 | Noticed a deep troll shaman
 20012 | Depths:3 | Noticed a deep troll
 20012 | Depths:3 | Noticed a deep troll shaman
 20012 | Depths:3 | Noticed a salamander tyrant
 20012 | Depths:3 | Noticed a salamander mystic
 20012 | Depths:3 | Noticed a salamander
 20012 | Depths:3 | Noticed a salamander
 20316 | Depths:3 | Killed an ettin
 20316 | Depths:3 | Killed an ettin
 20316 | Depths:3 | Killed an ettin
 20316 | Depths:3 | Killed a death yak
 20316 | Depths:3 | Killed a death yak
 20316 | Depths:3 | Killed a juggernaut
 20316 | Depths:3 | Killed a death yak
 20316 | Depths:3 | Killed a death yak
 20316 | Depths:3 | Killed an ogre mage
 20316 | Depths:3 | Killed a two-headed ogre
 20316 | Depths:3 | Killed a two-headed ogre
 20316 | Depths:3 | Killed a two-headed ogre
 20316 | Depths:3 | Killed an ogre
 20316 | Depths:3 | Killed a two-headed ogre
 20316 | Depths:3 | Killed a two-headed ogre
 20316 | Depths:3 | Killed a death yak
 20316 | Depths:3 | Killed a deep troll shaman
 20316 | Depths:3 | Killed an iron troll
 20316 | Depths:3 | Killed a deep troll
 20316 | Depths:3 | Killed a deep troll earth mage
 20316 | Depths:3 | Killed an ettin
 20316 | Depths:3 | Killed an ettin
 20316 | Depths:3 | Killed an ettin
 20316 | Depths:3 | Killed an ettin
 20316 | Depths:3 | Killed an ettin
 20316 | Depths:3 | Killed an ettin
 20316 | Depths:3 | Killed a stone giant
 20316 | Depths:3 | Killed a stone giant zombie
 20316 | Depths:3 | Killed an ettin
 20316 | Depths:3 | Killed an ettin
 20316 | Depths:3 | Killed a stone giant zombie
 20316 | Depths:3 | Killed a death yak
 20316 | Depths:3 | Killed an ettin
 20316 | Depths:3 | Killed an ettin
 20316 | Depths:3 | Killed a deep elf demonologist
 20316 | Depths:3 | Killed a fire dragon
 20316 | Depths:3 | Killed a fire giant
 20316 | Depths:3 | Killed a deep troll shaman
 20316 | Depths:3 | Killed an iron troll
 20316 | Depths:3 | Killed a deep troll shaman
 20316 | Depths:3 | Killed a deep troll shaman
 20316 | Depths:3 | Killed a deep troll
 20316 | Depths:3 | Killed a deep troll shaman
 20316 | Depths:3 | Killed a spriggan berserker
 20316 | Depths:3 | Killed a storm dragon
 20316 | Depths:3 | Killed a spriggan berserker
 20316 | Depths:3 | Killed an ice dragon
 20316 | Depths:3 | Killed a shadow dragon
 20316 | Depths:3 | Killed a salamander tyrant
 20316 | Depths:3 | Killed a salamander mystic
 20316 | Depths:3 | Killed a salamander
 20316 | Depths:3 | Killed a salamander
 20324 | Depths:4 | Entered Level 4 of the Depths
 20324 | Depths:4 | Noticed a merfolk impaler
 20628 | Depths:4 | Killed a black draconian
 20628 | Depths:4 | Killed a black draconian
 20628 | Depths:4 | Killed a yaktaur captain
 20628 | Depths:4 | Killed a fire dragon
 20628 | Depths:4 | Killed a shadow dragon
 20628 | Depths:4 | Killed a red draconian
 20628 | Depths:4 | Killed a purple draconian
 20628 | Depths:4 | Killed a shadow dragon
 20628 | Depths:4 | Killed a shadow dragon
 20628 | Depths:4 | Killed a black black draconian
 20628 | Depths:4 | Killed a purple purple draconian
 20628 | Depths:4 | Killed an angel
 20628 | Depths:4 | Killed Parghit
 20628 | Depths:4 | Killed a frost giant
 20628 | Depths:4 | Killed an ettin
 20628 | Depths:4 | Killed a golden dragon
 20628 | Depths:4 | Killed a frost giant
 20628 | Depths:4 | Killed a stone giant
 20628 | Depths:4 | Killed a fire giant
 20628 | Depths:4 | Killed a deep troll earth mage
 20628 | Depths:4 | Killed a deep troll
 20628 | Depths:4 | Killed an iron troll
 20628 | Depths:4 | Killed an iron troll
 20628 | Depths:4 | Killed an iron troll
 20628 | Depths:4 | Killed an ice dragon
 20628 | Depths:4 | Killed a deep troll earth mage
 20628 | Depths:4 | Killed a deep troll
 20628 | Depths:4 | Killed a deep troll
 20628 | Depths:4 | Killed a deep troll
 20628 | Depths:4 | Killed a deep troll shaman
 20628 | Depths:4 | Killed a fire dragon
 20628 | Depths:4 | Killed a fire giant
 20628 | Depths:4 | Killed a stone giant
 20628 | Depths:4 | Killed a spriggan air mage
 20628 | Depths:4 | Killed an ettin
 20628 | Depths:4 | Killed a merfolk impaler
 20780 | Depths:4 | Found Beuxkoew's Magic Scroll Boutique.
 20782 | Depths:4 | Found Nigoa's General Store.
 20785 | Depths:4 | Found Ohaoloe's Weapon Boutique.
 21053 | Depths:4 | Found a gate to the Realm of Zot.
 21198 | Zot:1    | Entered Level 1 of the Realm of Zot
 21198 | Zot:1    | Noticed a purple draconian
 21502 | Zot:1    | Killed a red draconian
 21502 | Zot:1    | Killed a guardian serpent
 21502 | Zot:1    | Killed a great orb of eyes
 21502 | Zot:1    | Killed a purple draconian
 21502 | Zot:1    | Killed a black draconian
 21502 | Zot:1    | Killed a harpy zombie
 21502 | Zot:1    | Killed an orb spider
 21502 | Zot:1    | Killed a raiju
 21502 | Zot:1    | Killed a quicksilver dragon
 21502 | Zot:1    | Killed a harpy zombie
 21502 | Zot:1    | Killed a balrug
 21502 | Zot:1    | Killed a yellow draconian
 21502 | Zot:1    | Killed a brown very ugly thing
 21502 | Zot:1    | Killed a raiju
 21502 | Zot:1    | Killed a purple draconian
 21502 | Zot:1    | Killed a boggart
 21502 | Zot:1    | Killed a harpy zombie
 21502 | Zot:1    | Killed a great orb of eyes
 21502 | Zot:1    | Killed a yellow yellow draconian
 21502 | Zot:1    | Killed a quicksilver dragon
 21502 | Zot:1    | Killed a guardian serpent
 21502 | Zot:1    | Killed a white draconian
 21502 | Zot:1    | Killed a deep elf annihilator
 21502 | Zot:1    | Killed a raiju
 21502 | Zot:1    | Killed a red very ugly thing
 21502 | Zot:1    | Killed a raiju
 21502 | Zot:1    | Killed a boggart
 21502 | Zot:1    | Killed a guardian serpent
 21502 | Zot:1    | Killed a boggart
 21502 | Zot:1    | Killed a red red draconian
 21502 | Zot:1    | Killed a boggart
 21502 | Zot:1    | Killed a boggart
 21502 | Zot:1    | Killed a rakshasa
 21502 | Zot:1    | Killed a rakshasa
 21502 | Zot:1    | Killed a harpy zombie
 21502 | Zot:1    | Killed a crystal guardian
 21502 | Zot:1    | Killed a boggart
 21502 | Zot:1    | Killed a balrug
 21502 | Zot:1    | Killed a raiju
 21502 | Zot:1    | Killed a balrug
 21502 | Zot:1    | Killed a harpy zombie
 21502 | Zot:1    | Killed a death cob
 21502 | Zot:1    | Killed a storm dragon
 21502 | Zot:1    | Killed a golden dragon
 21502 | Zot:1    | Killed a black black draconian
 21502 | Zot:1    | Killed a purple draconian
 21502 | Zot:1    | Killed a yellow yellow draconian
 21502 | Zot:1    | Killed a yellow draconian
 21502 | Zot:1    | Killed a white draconian
 21502 | Zot:1    | Killed a white white draconian
 21502 | Zot:1    | Killed a yellow draconian
 21502 | Zot:1    | Killed a tentacled monstrosity
 21502 | Zot:1    | Killed an electric golem
 21502 | Zot:1    | Killed a moth of wrath
 21502 | Zot:1    | Killed a moth of wrath
 21502 | Zot:1    | Killed a tentacled monstrosity
 21502 | Zot:1    | Killed a tentacled monstrosity
 21502 | Zot:1    | Killed a moth of wrath
 21502 | Zot:1    | Killed a moth of wrath
 21502 | Zot:1    | Killed a moth of wrath
 21502 | Zot:1    | Killed a purple draconian
 21502 | Zot:1    | Killed a green draconian
 21819 | Zot:2    | Killed a death cob
 21819 | Zot:2    | Killed a storm dragon
 21819 | Zot:2    | Killed a storm dragon
 21819 | Zot:2    | Killed a shadow dragon
 21819 | Zot:2    | Killed an electric golem
 21819 | Zot:2    | Killed a tentacled monstrosity
 21819 | Zot:2    | Killed a curse toe
 21819 | Zot:2    | Killed a tentacled monstrosity
 21819 | Zot:2    | Killed a tentacled monstrosity
 21819 | Zot:2    | Killed a quicksilver dragon
 21819 | Zot:2    | Killed a moth of wrath
 21819 | Zot:2    | Killed a yellow draconian
 21819 | Zot:2    | Killed a green green draconian
 21819 | Zot:2    | Killed a green green draconian
 21819 | Zot:2    | Killed a green draconian
 21819 | Zot:2    | Killed a white draconian
 21819 | Zot:2    | Killed a white white draconian
 21819 | Zot:2    | Killed a red draconian
 21819 | Zot:2    | Killed a yellow draconian
 21819 | Zot:2    | Killed a yellow draconian
 21819 | Zot:2    | Killed a yellow draconian
 21819 | Zot:2    | Killed a green green draconian
 21819 | Zot:2    | Killed a moth of wrath
 21819 | Zot:2    | Killed a red red draconian
 21819 | Zot:2    | Killed a red red draconian
 21819 | Zot:2    | Killed a black black draconian
 21819 | Zot:2    | Killed a black black draconian
 21819 | Zot:2    | Killed a yellow yellow draconian
 21819 | Zot:2    | Killed a green green draconian
 21819 | Zot:2    | Killed a red draconian
 21819 | Zot:2    | Killed a white draconian
 21819 | Zot:2    | Killed a purple purple draconian
 21819 | Zot:2    | Killed a purple purple draconian
 21819 | Zot:2    | Killed a moth of wrath
 21819 | Zot:2    | Killed a quicksilver dragon
 21819 | Zot:2    | Killed a tentacled monstrosity
 21819 | Zot:2    | Killed a moth of wrath
 22235 | Zot:3    | Killed a golden dragon
 22235 | Zot:3    | Killed a moth of wrath
 22235 | Zot:3    | Killed a moth of wrath
 22235 | Zot:3    | Killed a moth of wrath
 22235 | Zot:3    | Killed a moth of wrath
 22235 | Zot:3    | Killed a death cob
 22235 | Zot:3    | Killed a red draconian
 22235 | Zot:3    | Killed a tentacled monstrosity
 22235 | Zot:3    | Killed a moth of wrath
 22235 | Zot:3    | Killed a moth of wrath
 22235 | Zot:3    | Killed a moth of wrath
 22235 | Zot:3    | Killed a golden dragon
 22235 | Zot:3    | Killed a storm dragon
 22235 | Zot:3    | Killed a green draconian
 22235 | Zot:3    | Killed a shadow dragon
 22235 | Zot:3    | Killed a curse toe
 22235 | Zot:3    | Killed a moth of wrath
 22235 | Zot:3    | Killed a shadow dragon
 22235 | Zot:3    | Killed a moth of wrath
 22235 | Zot:3    | Killed a storm dragon
 22235 | Zot:3    | Killed a white draconian
 22235 | Zot:3    | Killed a white draconian
 22235 | Zot:3    | Killed a purple purple draconian
 22235 | Zot:3    | Killed a green draconian
 22235 | Zot:3    | Killed a purple purple draconian
 22235 | Zot:3    | Killed a quicksilver dragon
 22235 | Zot:3    | Killed a green draconian
 22235 | Zot:3    | Killed a black draconian
 22235 | Zot:3    | Killed a black draconian
 22235 | Zot:3    | Killed a golden dragon
 22235 | Zot:3    | Killed a green draconian
 22235 | Zot:3    | Killed a purple draconian
 22235 | Zot:3    | Killed a black draconian
 22235 | Zot:3    | Killed a white draconian
 22235 | Zot:3    | Killed a yellow draconian
 22235 | Zot:3    | Killed a tentacled monstrosity
 22235 | Zot:3    | Killed a tentacled monstrosity
 22235 | Zot:3    | Killed a yellow draconian
 22235 | Zot:3    | Killed a black draconian
 22235 | Zot:3    | Killed a yellow yellow draconian
 22235 | Zot:3    | Killed a green draconian
 22235 | Zot:3    | Killed a yellow draconian
 22235 | Zot:3    | Killed a shadow dragon
 22761 | Zot:4    | Killed an electric golem
 22761 | Zot:4    | Killed a white draconian
 22761 | Zot:4    | Killed a yellow yellow draconian
 22761 | Zot:4    | Killed a purple purple draconian
 22761 | Zot:4    | Killed a yellow yellow draconian
 22761 | Zot:4    | Killed a black black draconian
 22761 | Zot:4    | Killed a death cob
 22761 | Zot:4    | Killed a shadow dragon
 22761 | Zot:4    | Killed a white white draconian
 22761 | Zot:4    | Killed a white white draconian
 22761 | Zot:4    | Killed a black draconian
 22761 | Zot:4    | Killed a black black draconian
 22761 | Zot:4    | Killed a moth of wrath
 22761 | Zot:4    | Killed a green draconian
 22761 | Zot:4    | Killed a white draconian
 22761 | Zot:4    | Killed a yellow yellow draconian
 22761 | Zot:4    | Killed a yellow draconian
 22761 | Zot:4    | Killed a black draconian
 22761 | Zot:4    | Killed a moth of wrath
 22761 | Zot:4    | Killed a ghost moth
 22761 | Zot:4    | Killed a storm dragon
 22761 | Zot:4    | Killed a quicksilver dragon
 22761 | Zot:4    | Killed an orb of fire
 22761 | Zot:4    | Killed a storm dragon
 22761 | Zot:4    | Killed a green green draconian
 22761 | Zot:4    | Killed a purple purple draconian
 22761 | Zot:4    | Killed a purple draconian
 22761 | Zot:4    | Killed a black draconian
 22761 | Zot:4    | Killed a white white draconian
 22761 | Zot:4    | Killed a white draconian
 22761 | Zot:4    | Killed a black draconian
 22761 | Zot:4    | Killed a red draconian
 22761 | Zot:4    | Killed a green green draconian
 22761 | Zot:4    | Killed a yellow draconian
 22761 | Zot:4    | Killed a purple draconian
 22761 | Zot:4    | Killed a black draconian
 22761 | Zot:4    | Killed a ghost moth
 22761 | Zot:4    | Killed a tentacled monstrosity
 22761 | Zot:4    | Killed a golden dragon
 22772 | Zot:5    | Entered Level 5 of the Realm of Zot
 22772 | Zot:5    | Noticed a tentacled monstrosity
 23176 | Zot:5    | Killed an orb of fire
 23176 | Zot:5    | Killed an Orb Guardian
 23176 | Zot:5    | Killed a dread lich
 23176 | Zot:5    | Killed an orb of fire
 23176 | Zot:5    | Killed an Orb Guardian
 23176 | Zot:5    | Killed an Orb Guardian
 23176 | Zot:5    | Killed an orb of fire
 23176 | Zot:5    | Killed an orb of fire
 23176 | Zot:5    | Killed a Killer Klown
 23176 | Zot:5    | Killed an orb of fire
 23176 | Zot:5    | Killed an Orb Guardian
 23176 | Zot:5    | Killed an Orb Guardian
 23176 | Zot:5    | Killed a Killer Klown
 23176 | Zot:5    | Killed an orb of fire
 23176 | Zot:5    | Killed an Orb Guardian
 23176 | Zot:5    | Killed an Orb Guardian
 23176 | Zot:5    | Killed an Orb Guardian
 23176 | Zot:5    | Killed an Orb Guardian
 23176 | Zot:5    | Killed an orb of fire
 23176 | Zot:5    | Killed an electric golem
 23176 | Zot:5    | Killed an Orb Guardian
 23176 | Zot:5    | Killed an Orb Guardian
 23176 | Zot:5    | Killed a Killer Klown
 23176 | Zot:5    | Killed an Orb Guardian
 23176 | Zot:5    | Killed a moth of wrath
 23176 | Zot:5    | Killed an electric golem
 23176 | Zot:5    | Killed an Orb Guardian
 23176 | Zot:5    | Killed an Orb Guardian
 23176 | Zot:5    | Killed an Orb Guardian
 23176 | Zot:5    | Killed an orange crystal statue
 23176 | Zot:5    | Killed an Orb Guardian
 23176 | Zot:5    | Killed an Orb Guardian
 23176 | Zot:5    | Killed an Orb Guardian
 23176 | Zot:5    | Killed an Orb Guardian
 23176 | Zot:5    | Killed an Orb Guardian
 23176 | Zot:5    | Killed an Orb Guardian
 23176 | Zot:5    | Killed an Orb Guardian
 23176 | Zot:5    | Killed a dread lich
 23176 | Zot:5    | Killed an Orb Guardian
 23176 | Zot:5    | Killed an Orb Guardian
 23176 | Zot:5    | Killed an Orb Guardian
 23176 | Zot:5    | Killed a purple purple draconian
 23176 | Zot:5    | Killed a green draconian
 23176 | Zot:5    | Killed a red red draconian
 23176 | Zot:5    | Killed a green green draconian
 23176 | Zot:5    | Killed a green green draconian
 23176 | Zot:5    | Killed a black black draconian
 23176 | Zot:5    | Killed a green draconian
 23176 | Zot:5    | Killed a green draconian
 23176 | Zot:5    | Killed a green draconian
 23176 | Zot:5    | Killed a green draconian
 23176 | Zot:5    | Killed a white draconian
 23176 | Zot:5    | Killed a golden dragon
 23176 | Zot:5    | Killed a purple draconian
 23176 | Zot:5    | Killed a black black draconian
 23176 | Zot:5    | Killed a yellow draconian
 23176 | Zot:5    | Killed a yellow yellow draconian
 23176 | Zot:5    | Killed a yellow draconian
 23176 | Zot:5    | Killed a red red draconian
 23176 | Zot:5    | Killed a purple purple draconian
 23176 | Zot:5    | Killed a green green draconian
 23176 | Zot:5    | Killed a yellow yellow draconian
 23176 | Zot:5    | Killed a white draconian
 23176 | Zot:5    | Killed a black draconian
 23176 | Zot:5    | Killed a green draconian
 23176 | Zot:5    | Killed a white draconian
 23176 | Zot:5    | Killed a Killer Klown
 23176 | Zot:5    | Killed a storm dragon
 23176 | Zot:5    | Killed a moth of wrath
 23176 | Zot:5    | Killed a quicksilver dragon
 23176 | Zot:5    | Killed a moth of wrath
 23176 | Zot:5    | Killed a storm dragon
 23176 | Zot:5    | Killed a ghost moth
 23176 | Zot:5    | Killed a ghost moth
 23176 | Zot:5    | Killed a moth of wrath
 23176 | Zot:5    | Killed a purple draconian
 23176 | Zot:5    | Killed a tentacled monstrosity
 24025 | Zot:3    | Identified the +0 pair of gloves of Purpose {rPois rF+}
 24286 | Zot:2    | Identified the +7 quarterstaff of the Moon {protect, rC+
                  | SInv}
 25588 | Depths:4 | Found a glowing silver altar of Zin.
 25735 | Depths:3 | Noticed a skyshark
 26281 | Zot:5    | it is time
 26281 | Zot:5    | THE SCARIEST ORB RUN BEGINS
 26281 | Zot:5    | Got the Orb of Zot
 26291 | Zot:5    | Noticed a demonspawn black sun
 26364 | Zot:3    | Noticed an Orb Guardian
 26424 | Zot:1    | Noticed an Orb Guardian
 26435 | Zot:1    | Noticed a Hell Sentinel
 26518 | Zot:1    | Noticed an orange demon
 26670 | Depths:1 | Noticed an Orb Guardian
 26686 | Depths:1 | a shock serpent changed into a shining eye
 26686 | Depths:1 | Noticed a shining eye (glowing shapeshifter)
 26692 | Depths:1 | Noticed a Tzitzimitl
 26728 | D:15     | Noticed an Orb Guardian
 26819 | D:13     | Noticed an Orb Guardian
 26833 | D:13     | Slain by an Orb Guardian

Illustrated notes

.▓▓▓ .......▓▓
........^▓▓ ..........▓
▓▓▓▓▓▓▓▓▓
..........▓▓▓..^....▓▓
........^.▓▓.........▓▓
......^...▓...........▓.
................@.....^.
..........▓..^.)......▓.
..........▓▓.^.......▓▓
.)........▓▓▓^....^.▓▓
..........# ▓▓▓▓▓▓▓▓▓
.....^...## .......▓##
....▓▓▓▓ ▓▓▓▓▓▓▓▓#
#▓▓▓▓▓▓▓▓


Turn 26281 on Zot:5: it is time

Levels and vault maps discovered:
D:1:      wander_arrival_abandoned_jail, layout_basic
D:2:      layout_basic, serial_shops, shop, uniq_robin
D:3:      layout_loops_ring, serial_shops, shop_fountains,
          nicolae_figureground_pulse
D:4:      layout_gridville, kennysheep_mini_moat, temple_statues,
          nicolae_shop_i_like_small_books_too, nicolae_shop_gadgets
D:5:      lemuel_ratsnest, layout_cave_pools, grunt_ministairs_10
D:6:      layout_basic, gup_sewer_entry_bowl, hangedman_decor_opposing
D:7:      layout_rooms
D:8:      layout_rooms, lair_entry_dummy, serial_undead, serial_undead_b,
          serial_undead_f, serial_undead_e, serial_undead_d, serial_undead_e,
          uniq_maurice
D:9:      layout_layer_cave, enter_bailey_7
D:10:     minmay_the_grid_4x2 [minmay_the_grid_diamond_grid,
          minmay_the_grid_minigrid_medium, minmay_the_grid_armoury,
          minmay_the_grid_dragon_a, minmay_the_grid_medium_cups,
          minmay_the_grid_large_cup, minmay_the_grid_minigrid_small_alt,
          minmay_the_grid_prize_trominoes], layout_stronghold,
          gammafunk_ghost_cemetery, grunt_ministairs_8, uniq_grum, uniq_psyche
D:11:     layout_basic, minmay_misc_feat_more_columns, uniq_fannar
D:12:     layout_irregular_city, orc_0_dummy
D:13:     layout_loops_ring, grunt_decor_arrowhead, minivault_14,
          serial_bayou_lagoon_a
D:14:     kennysheep_big_flooded_room, layout_basic, erik_vaults_1,
          roderic_serpentine_path, nrook_guardian_serpent_double
D:15:     grunt_enter_depths_snipers, layout_grid_maze, gauntlet_entry_generic,
          gammafunk_ghost_wrathful_warriors, fiery_altar_vehumet, uniq_louise,
          uniq_nessos, uniq_jorgrun
Lair:1:   layout_hall_layers, enter_volcano_1, grunt_megastairs_5,
          infiniplex_staircase_pool_2, uniq_sonja
Lair:2:   layout_regular_city, minmay_shoals_entry_hut, dummy_spider_entry,
          basic_altar, nicolae_lair_run_with_the_wolves, grunt_megastairs_1,
          infiniplex_staircase_pool
Lair:3:   layout_gridlike
Lair:4:   layout_cave_pods, slime_entry_1, portal_ice_cave_entry_pillars_1,
          lemuel_fruit_tree, grunt_megastairs_4, uniq_kirke
Lair:5:   gammafunk_lair_ancient_temple, layout_regular_city,
          pdpol_lair_cabin_in_the_woods, grunt_megastairs_2, uniq_josephine,
          uniq_urug, uniq_rupert
Shoals:1: layout_shoals, serial_shops, nicolae_shop_just_a_little_nook,
          uniq_mlioglotl
Shoals:2: layout_shoals, nicolae_shop_vocational, uniq_donald
Shoals:3: layout_shoals, serial_shops, bzr_entry_lakeside
Shoals:4: shoals_end_hangedman, layout_shoals
Spider:1: layout_spider_delve, nicolae_spider_not_touching_you
Spider:2: layout_cave_pods
Spider:3: layout_cave_pods
Spider:4: grunt_spider_rune_circles, special_room [special_room_bee], uniq_mara
Slime:1:  layout_caves, cheibrodos_slime_lost_civilization_7
Slime:2:  layout_caves
Slime:3:  layout_caves, uniq_dissolution
Slime:4:  cheibrodos_slime_lost_civilization_2, layout_caves, dissolution_awaits
Slime:5
Depths:1: layout_gridville, hellmouth_3, serial_sigils_hangedman_shear,
          abyss_entry_crystal, grunt_decor_cap, solitary_fountain,
          hellmonk_bongcloud_opening, kb_rosetta, uniq_enchantress
Depths:2: minmay_curly_fans, layout_twisted_cross, enter_ziggurat_e,
          hangedman_coc_ice_floe, rand_demon_pan_entry_9,
          minmay_staircase_statues, abyss_entry
Depths:3: giant_chief_lemuel, layout_cave_pools,
          nicolae_abyss_entry_one_way_or_another, hell_entry,
          nicolae_ashenzari_panopticon, serial_co_window_serial,
          co_window_paths_b, co_window_of_opportunity_a, co_window_paths_a,
          co_window_corner_a, co_window_paths_b, co_window_of_opportunity_c,
          co_window_corner_ca, co_window_corner_b, co_window_unsneaky_path_a,
          glass_columns_a
Depths:4: evilmike_zot_entry_hall, layout_gridlike, zin_angel, hell_entry,
          amcnicky_mini_corridor_feature, minmay_shop_star, uniq_parghit
Zot:1:    hangedman_orp_of_zott, layout_basic
Zot:2:    layout_onion, grunt_megastairs_3
Zot:3:    layout_twisted_circle, st_single_dragon_hoard_1
Zot:4:    layout_gridlike
Zot:5:    layout_basic

Skill      XL: |  1  2  3  4  5 |
---------------+----------------+-----
Stealth        | 5 |  5.4
Fighting       | 2 3 |  3.4
Short Blades   | |  0.8
Dodging        | |  1.5
Spellcasting   | |  2.1
Hexes          | |  3.0

Action                     |  1- 3 |  4- 6 || total
---------------------------+-------+-------++-------
  Melee: Short sword       |    22 |       ||    22
         Bite              |     6 |       ||     6
   Fire: Hand crossbow     |       |    16 ||    16
  Evoke: Wand              |     1 |    10 ||    11
    Use: Potion            |     2 |     6 ||     8
         Scroll            |       |    30 ||    30
   Stab: Invisible         |     2 |       ||     2
         Sleeping          |     1 |       ||     1
 Armour: Animal skin       |     5 |       ||     5
         Robe              |     2 |       ||     2
         Leather armour    |     3 |    10 ||    13
  Dodge: Dodged            |    17 |     7 ||    24

Table legend: (Time is in decaauts)
 A = Elapsed time spent in this place.
 B = Non-inter-level travel time spent in this place.
 C = Inter-level travel time spent in this place.
 D = Time resting spent in this place.
 E = Time spent auto-exploring this place.
 F = Levels seen in this place.
 G = Mean time per level.
                   A        B        C        D        E       F      G
               +--------+--------+--------+--------+--------+-----+--------+
         Total |  26914 |  24724 |   2190 |  13129 |   8632 |  48 |  560.7 |
       Dungeon |   7756 |   7107 |    649 |   3884 |   2139 |  15 |  517.1 |
          Lair |   4084 |   3533 |    551 |   1300 |   1734 |   5 |  816.8 |
        Shoals |   1320 |   1198 |    122 |    726 |    355 |   4 |  330.0 |
   Spider Nest |   2521 |   2410 |    111 |   1821 |    493 |   4 |  630.2 |
    Slime Pits |   1522 |   1424 |     98 |   1200 |    100 |   5 |  304.4 |
        Depths |   2808 |   2510 |    298 |   1500 |    803 |   4 |  702.0 |
           Zot |   4549 |   4189 |    360 |   1300 |   2497 |   5 |  909.8 |
        Bazaar |     27 |     27 |      0 |      0 |      5 |   1 |   27.0 |
         Sewer |    485 |    485 |      0 |    300 |    157 |   1 |  485.0 |
        Bailey |    696 |    696 |      0 |    416 |    194 |   1 |  696.0 |
      Ice Cave |     10 |     10 |      0 |      0 |      0 |   1 |   10.0 |
       Volcano |    539 |    539 |      0 |    300 |     46 |   1 |  539.0 |
      Gauntlet |    591 |    591 |      0 |    382 |    107 |   1 |  591.0 |
               +--------+--------+--------+--------+--------+-----+--------+

Top non-repeatable levels by time:
  Lair:2: 1489 daAuts
Depths:4: 1357 daAuts
   Zot:1: 1171 daAuts
   Zot:3: 1085 daAuts
  Lair:1: 1042 daAuts
   Zot:2: 1036 daAuts
     D:6: 1034 daAuts
Spider:1: 1007 daAuts
     D:9: 956 daAuts
    D:15: 890 daAuts
   Zot:4: 872 daAuts
    D:14: 799 daAuts
  Lair:4: 780 daAuts
Spider:3: 777 daAuts
Depths:1: 772 daAuts
